Workbook

Sheet RESUMO DA OBRA
A1: PREFEITURA MUNICIPAL DE BREVES
A2: SECRETARIA MUNICIPAL DE DESENVOLVIMENTO ECONÔMICO, PROJETOS E CONVÊNIOS
A3: OBRA: PAVIMENTAÇÃO DE VIAS URBANAS
A4: LOCAL: ZONA URBANA DO MUNICÍPIO - BREVES - PA
A5: REF. DE PREÇOS: SINAPI 03/2026 - SEOP 03/2026 - ORSE - 02/2026 - NÃO DESONERADO
A6: DATA: | B6: 46141 | D6: BDI: 23,38% | E6: PRAZO:360 Dias
A7: Planilha Orçamentária Resumida
A8: Item | B8: Descrição | C8: Comprimento(m) | D8: Total | E8: Peso (%)
A9: 1 | B9: ='Orçamento Sintético'!D10 -> ALAMEDA MADENORTE | C9: 417.99 | D9: ='Orçamento Sintético'!I10 -> 648211.82 | E9: =D9/$D$48 -> 0.037862617
A10: 2 | B10: ='Orçamento Sintético'!D31 -> RUA BOM SOSSEGO | C10: 91 | D10: ='Orçamento Sintético'!I31 -> 512410.17 | E10: =D10/$D$48 -> 0.029930324
A11: 3 | B11: ='Orçamento Sintético'!D54 -> RUA MANOEL MACHADO | C11: 273.92 | D11: ='Orçamento Sintético'!I54 -> 932505.09 | E11: =D11/$D$48 -> 0.054468434
A12: 4 | B12: ='Orçamento Sintético'!D76 -> RUA 7 DE SETEMBRO | C12: 60 | D12: ='Orçamento Sintético'!I76 -> 87014.19 | E12: =D12/$D$48 -> 0.0050825746
A13: 5 | B13: ='Orçamento Sintético'!D97 -> TV.CASTILHO FRANÇA | C13: 390 | D13: ='Orçamento Sintético'!I97 -> 408646.93 | E13: =D13/$D$48 -> 0.023869423
A14: 6 | B14: ='Orçamento Sintético'!D113 -> RUA LUIZA FRAZÃO | C14: 574 | D14: ='Orçamento Sintético'!I113 -> 758897.39 | E14: =D14/$D$48 -> 0.044327857
A15: 7 | B15: ='Orçamento Sintético'!D134 -> ESTRADA DA PROJETA 2 | C15: 810 | D15: ='Orçamento Sintético'!I134 -> 1481539.3 | E15: =D15/$D$48 -> 0.086538
A16: 8 | B16: ='Orçamento Sintético'!D155 -> RUA DIVA REBELO | C16: 257.08 | D16: ='Orçamento Sintético'!I155 -> 334328.12 | E16: =D16/$D$48 -> 0.019528397
A17: 9 | B17: ='Orçamento Sintético'!D176 -> RUA FLORIANO GONÇALVES | C17: 108.56 | D17: ='Orçamento Sintético'!I176 -> 165017.72 | E17: =D17/$D$48 -> 0.0096388287
A18: 10 | B18: ='Orçamento Sintético'!D197 -> RUA MARIA ROSA | C18: 1206.99 | D18: ='Orçamento Sintético'!I197 -> 1403354.8 | E18: =D18/$D$48 -> 0.081971179
A19: 11 | B19: ='Orçamento Sintético'!D214 -> RUA PARQUE INDUSTRIAL | C19: 181.1 | D19: ='Orçamento Sintético'!I214 -> 335854.57 | E19: =D19/$D$48 -> 0.019617558
A20: 12 | B20: ='Orçamento Sintético'!D235 -> PASS. RAIMUNDO PINHEIRO | C20: 160.4 | D20: ='Orçamento Sintético'!I235 -> 347172.16 | E20: =D20/$D$48 -> 0.020278628
A21: 13 | B21: ='Orçamento Sintético'!D256 -> RUA MARIO CURICA | C21: 352 | D21: ='Orçamento Sintético'!I256 -> 532305.41 | E21: =D21/$D$48 -> 0.031092422
A22: 14 | B22: ='Orçamento Sintético'!D272 -> RUA FRANCISCO JOSÉ DA ROCHA | C22: 341.27 | D22: ='Orçamento Sintético'!I272 -> 491657.99 | E22: =D22/$D$48 -> 0.028718171
A23: 15 | B23: ='Orçamento Sintético'!D293 -> RUA BOA VISTA | C23: 671.2 | D23: ='Orçamento Sintético'!I293 -> 944323.9 | E23: =D23/$D$48 -> 0.055158781
A24: 16 | B24: ='Orçamento Sintético'!D314 -> RUA MAURICIO DE SOUZA | C24: 224.01 | D24: ='Orçamento Sintético'!I314 -> 507469.66 | E24: =D24/$D$48 -> 0.029641745
A25: 17 | B25: ='Orçamento Sintético'!D337 -> RUA SÃO JOÃO BATISTA | C25: 427 | D25: ='Orçamento Sintético'!I337 -> 490306.7 | E25: =D25/$D$48 -> 0.028639241
A26: 18 | B26: ='Orçamento Sintético'!D357 -> RUA SANTANA | C26: 457 | D26: ='Orçamento Sintético'!I357 -> 478177.2 | E26: =D26/$D$48 -> 0.027930747
A27: 19 | B27: ='Orçamento Sintético'!D373 -> RUA LOURENÇO BORGES | C27: 281 | D27: ='Orçamento Sintético'!I373 -> 322638 | E27: =D27/$D$48 -> 0.018845566
A28: 20 | B28: ='Orçamento Sintético'!D389 -> RUA CAZUZA FARIAS DA COSTA | C28: 190 | D28: ='Orçamento Sintético'!I389 -> 498839.75 | E28: =D28/$D$48 -> 0.029137664
A29: 21 | B29: ='Orçamento Sintético'!D411 -> RUA AFUÁ | C29: 298.92 | D29: ='Orçamento Sintético'!I411 -> 404986.88 | E29: =D29/$D$48 -> 0.023655636
A30: 22 | B30: ='Orçamento Sintético'!D432 -> RUA ÁREA VERDE 2 | C30: 162.3 | D30: ='Orçamento Sintético'!I432 -> 485703.03 | E30: =D30/$D$48 -> 0.028370337
A31: 23 | B31: ='Orçamento Sintético'!D454 -> PASSAGEM CAJUAL | C31: 323.87 | D31: ='Orçamento Sintético'!I454 -> 228751.25 | E31: =D31/$D$48 -> 0.01336156
A32: 24 | B32: ='Orçamento Sintético'!D471 -> PASSAGEM SANTA CRUZ | C32: 147 | D32: ='Orçamento Sintético'!I471 -> 258931.89 | E32: =D32/$D$48 -> 0.015124437
A33: 25 | B33: ='Orçamento Sintético'!D491 -> RUA JOSÉ RINALDO | C33: 72 | D33: ='Orçamento Sintético'!I491 -> 289692.02 | E33: =D33/$D$48 -> 0.016921163
A34: 26 | B34: ='Orçamento Sintético'!D517 -> PASSAGEM SEMPRE COM DEUS | C34: 138 | D34: ='Orçamento Sintético'!I517 -> 334339.65 | E34: =D34/$D$48 -> 0.01952907
A35: 27 | B35: ='Orçamento Sintético'!D539 -> RUA MARIA MELO | C35: 267.57 | D35: ='Orçamento Sintético'!I539 -> 526262.95 | E35: =D35/$D$48 -> 0.030739477
A36: 28 | B36: ='Orçamento Sintético'!D560 -> RUA INEZ BREVES | C36: 111 | D36: ='Orçamento Sintético'!I560 -> 230518.68 | E36: =D36/$D$48 -> 0.013464797
A37: 29 | B37: ='Orçamento Sintético'!D582 -> PASSAGEM GESPÃO | C37: 373 | D37: ='Orçamento Sintético'!I582 -> 420796.15 | E37: =D37/$D$48 -> 0.024579069
A38: 30 | B38: ='Orçamento Sintético'!D602 -> PASSAGEM NOSSA SENHORA DA CONSOLAÇÃO | C38: 141.66 | D38: ='Orçamento Sintético'!I602 -> 273063.99 | E38: =D38/$D$48 -> 0.015949905
A39: 31 | B39: ='Orçamento Sintético'!D623 -> RUA DUQUE DE CAXIAS | C39: 62.61 | D39: ='Orçamento Sintético'!I623 -> 106409.03 | E39: =D39/$D$48 -> 0.0062154441
A40: 32 | B40: ='Orçamento Sintético'!D644 -> RUA ANTERO ARAUJO | C40: 159.31 | D40: ='Orçamento Sintético'!I644 -> 192335.04 | E40: =D40/$D$48 -> 0.011234457
A41: 33 | B41: ='Orçamento Sintético'!D665 -> RUA NOVA | C41: 256 | D41: ='Orçamento Sintético'!I665 -> 412846.41 | E41: =D41/$D$48 -> 0.024114718
A42: 34 | B42: ='Orçamento Sintético'!D686 -> ALAMEDA BALA | C42: 102.61 | D42: ='Orçamento Sintético'!I686 -> 224844.98 | E42: =D42/$D$48 -> 0.013133391
A43: 35 | B43: ='Orçamento Sintético'!D712 -> RUA REVIVER | C43: 166.44 | D43: ='Orçamento Sintético'!I712 -> 207946.14 | E43: =D43/$D$48 -> 0.012146315
A44: 36 | B44: ='Orçamento Sintético'!D733 -> RUA BEJAMIM CONSTANT 2 | C44: 302.98 | D44: ='Orçamento Sintético'!I733 -> 187036.16 | E44: =D44/$D$48 -> 0.010924945
A45: 37 | B45: ='Orçamento Sintético'!D750 -> PASSAGEM RAIMUNDO NEVES | C45: 69.26 | D45: ='Orçamento Sintético'!I750 -> 81776.94 | E45: =D45/$D$48 -> 0.0047766623
A46: 38 | B46: ='Orçamento Sintético'!D767 -> RUA MARIO CURICA 2 | C46: 542.56 | D46: ='Orçamento Sintético'!I767 -> 407068.34 | E46: =D46/$D$48 -> 0.023777216
A47: 39 | B47: ='Orçamento Sintético'!D789 -> RUA DOM PEDRO I | C47: 89 | D47: ='Orçamento Sintético'!I789 -> 166120.49 | E47: =D47/$D$48 -> 0.0097032424
A48: VALOR TOTAL | C48: =SUM(C9:C47) -> 11260.61 | D48: =SUM(D9:D47) -> 17120101 | E48: =SUM(E9:E47) -> 1

Sheet Orçamento Sintético
A1: PREFEITURA MUNICIPAL DE BREVES
A2: SECRETARIA MUNICIPAL DE DESENVOLVIMENTO ECONÔMICO, PROJETOS E CONVÊNIOS
A4: OBRA: PAVIMENTAÇÃO DE VIAS URBANAS | I4: BDI: | J4: 0.2338
A5: LOCAL: ZONA URBANA DO MUNICÍPIO - BREVES - PA | I5: PRAZO DE EXECUÇÃO: | J5: 360 DIAS
A6: REF. DE PREÇOS: SINAPI 03/2026 - SEOP 03/2026 - ORSE - 02/2026 - NÃO DESONERADO | H6: VALOR TOTAL: | I6: =I811 -> 17120101
I7: DATA: | J7: 46141
A8: ORÇAMENTO SINTÉTICO
A9: Item | B9: Código | C9: Banco | D9: Descrição | E9: Und | F9: Quant. | G9: Valor Unit | H9: Valor Unit com BDI | I9: Total | J9: Peso (%)
A10: 1 | D10: ALAMEDA MADENORTE | I10: =I11+I15+I18+I24+I26+I29 -> 648211.82 | J10: =I10/$I$811 -> 0.037862617
A11: 1.1 | D11: SERVIÇOS PRELIMINARES | I11: 15199.16 | J11: =I11/$I$811 -> 0.00088779617
A12: 1.1.1 | B12: 103689 | C12: SINAPI | D12: FORNECIMENTO E INSTALAÇÃO DE PLACA DE OBRA COM CHAPA GALVANIZADA E ESTRUTURA DE MADEIRA. AF_03/2022_PS | E12: m² | F12: 6 | G12: 507.9 | H12: 626.64 | I12: 3759.84 | J12: =I12/$I$811 -> 0.00021961553
A13: 1.1.2 | B13: 98525 | C13: SINAPI | D13: LIMPEZA MECANIZADA DE CAMADA VEGETAL, VEGETAÇÃO E PEQUENAS ÁRVORES (DIÂMETRO DE TRONCO MENOR QUE 0,20 M), COM TRATOR DE ESTEIRAS. AF_03/2024 | E13: m² | F13: 4284.39 | G13: 0.73 | H13: 0.9 | I13: 3855.95 | J13: =I13/$I$811 -> 0.0002252294
A14: 1.1.3 | B14: 2605 | C14: ORSE | D14: Locação de serviços de pavimentação | E14: m² | F14: 4284.39 | G14: 1.44 | H14: 1.77 | I14: 7583.37 | J14: =I14/$I$811 -> 0.00044295124
A15: 1.2 | D15: MOVIMENTO DE TERRA | I15: 92223.83 | J15: =I15/$I$811 -> 0.0053868742
A16: 1.2.1. | B16: 030011 | C16: SEDOP | D16: Aterro incluindo carga, descarga, transporte e apiloamento | E16: m³ | F16: 428.43 | G16: 167.34 | H16: 206.46 | I16: 88453.65 | J16: =I16/$I$811 -> 0.0051666547
A17: 1.2.1. | B17: 96386 | C17: SINAPI | D17: EXECUÇÃO E COMPACTAÇÃO DE CORPO DE ATERRO (95% DE ENERGIA DO PROCTOR NORMAL) COM SOLO PREDOMINANTEMENTE ARENOSO ESPESSURA 15CM - EXCLUSIVE MATERIAL, ESCAVAÇÃO, CARGA E TRANSPORTE. AF_09/2024 | E17: m³ | F17: 428.43 | G17: 7.14 | H17: 8.8 | I17: 3770.18 | J17: =I17/$I$811 -> 0.0002202195
A18: 1.3 | D18: DRENAGEM | I18: 128738.5 | J18: =I18/$I$811 -> 0.0075197279
A19: 1.3.1 | B19: GMS | C19: Próprio | D19: GUIA (MEIO-FIO) E SARJETA CONJUGADOS DE CONCRETO, MOLDADA IN LOCO, 45 CM BASE (15 CM BASE DA GUIA + 30 CM BASE DA SARJETA) X 22 CM ALTURA. | E19: M | F19: 835.98 | G19: 74.47 | H19: 91.88 | I19: 76809.84 | J19: =I19/$I$811 -> 0.0044865296
A20: 1.3.2 | B20: 90106 | C20: SINAPI | D20: ESCAVAÇÃO MECANIZADA DE VALA COM PROFUNDIDADE ATÉ 1,5 M (MÉDIA MONTANTE E JUSANTE/UMA COMPOSIÇÃO POR TRECHO), RETROESCAV. (0,26 M3), LARGURA DE 0,8 M A 1,5 M, EM SOLO DE 1A CATEGORIA, LOCAIS COM BAIXO NÍVEL DE INTERFERÊNCIA. AF_09/2024 | E20: m³ | F20: 67 | G20: 9.28 | H20: 11.44 | I20: 766.48 | J20: =I20/$I$811 -> 4.4770764e-05
A21: 1.3.3 | B21: 92212 | C21: SINAPI | D21: TUBO DE CONCRETO PARA REDES COLETORAS DE ÁGUAS PLUVIAIS, DIÂMETRO DE 600 MM, JUNTA RÍGIDA, INSTALADO EM LOCAL COM BAIXO NÍVEL DE INTERFERÊNCIAS - FORNECIMENTO E ASSENTAMENTO. AF_03/2024 | E21: M | F21: 67 | G21: 296.41 | H21: 365.71 | I21: 24502.57 | J21: =I21/$I$811 -> 0.0014312164
A22: 1.3.4 | B22: CPU-22 | C22: Próprio | D22: BOCA DE LOBO EM CONCRETO ARMADO C/TAMPA - 1,20x1,20x1,50m | E22: UN | F22: 8 | G22: 2576.32 | H22: 3178.66 | I22: 25429.28 | J22: =I22/$I$811 -> 0.0014853464
A23: 1.3.5 | B23: 93379 | C23: SINAPI | D23: REATERRO MECANIZADO DE VALA COM RETROESCAVADEIRA (CAPACIDADE DA CAÇAMBA DA RETRO: 0,26 M³/POTÊNCIA: 88 HP), LARGURA 0,8 A 1,5 M, PROFUNDIDADE ATÉ 1,5 M, COM SOLO (SEM SUBSTITUIÇÃO) DE 1ª CATEGORIA, COM COMPACTADOR DE SOLOS DE PERCUSSÃO AF_08/2023 | E23: m³ | F23: 48.06 | G23: 20.75 | H23: 25.6 | I23: 1230.33 | J23: =I23/$I$811 -> 7.1864646e-05
A24: 1.4 | D24: PAVIMENTAÇÃO EM BLOKRET | I24: 402781.02 | J24: =I24/$I$811 -> 0.02352679
A25: 1.4.1 | B25: 92394 | C25: SINAPI | D25: EXECUÇÃO DE PAVIMENTO EM PISO INTERTRAVADO, COM BLOCO SEXTAVADO DE 25 X 25 CM, ESPESSURA 8 CM. AF_10/2022 | E25: m² | F25: 2905.02 | G25: 112.38 | H25: 138.65 | I25: 402781.02 | J25: =I25/$I$811 -> 0.02352679
A26: 1.5 | D26: SINALIZAÇÃO VIARIA | I26: 5199.14 | J26: =I26/$I$811 -> 0.00030368629
A27: 1.5.1 | B27: PLI | C27: Próprio | D27: PLACA DE IDENTIFICAÇÃO NR DE RUA, DIMENSÕES DE 45x25CM, FORN. E INSTALAÇÃO | E27: PT | F27: 3 | G27: 549.02 | H27: 677.38 | I27: 2032.14 | J27: =I27/$I$811 -> 0.00011869907
A28: 1.5.2 | B28: PLS | C28: Próprio | D28: PLACA DE SINALIZAÇÃO VIÁRIA TOTALMENTE REFLEXIVA | E28: UN | F28: 5 | G28: 513.38 | H28: 633.4 | I28: 3167 | J28: =I28/$I$811 -> 0.00018498723
A29: 1.6 | D29: LIMPEZA FINAL DA OBRA | I29: 4070.17 | J29: =I29/$I$811 -> 0.00023774217
A30: 1.6.1 | B30: 99811 | C30: SINAPI | D30: LIMPEZA DE CONTRAPISO COM VASSOURA A SECO. AF_10/2025 | E30: m² | F30: 4284.39 | G30: 0.77 | H30: 0.95 | I30: 4070.17 | J30: =I30/$I$811 -> 0.00023774217
A31: 2 | D31: RUA BOM SOSSEGO | I31: =I32+I36+I39+I47+I49+I52 -> 512410.17 | J31: =I31/$I$811 -> 0.029930324
A32: 2.1 | D32: SERVIÇOS PRELIMINARES | I32: 9693.5 | J32: =I32/$I$811 -> 0.00056620577
A33: 2.1.1 | B33: 103689 | C33: SINAPI | D33: FORNECIMENTO E INSTALAÇÃO DE PLACA DE OBRA COM CHAPA GALVANIZADA E ESTRUTURA DE MADEIRA. AF_03/2022_PS | E33: m² | F33: 6 | G33: 507.9 | H33: 626.64 | I33: 3759.84 | J33: =I33/$I$811 -> 0.00021961553
A34: 2.1.2 | B34: 98525 | C34: SINAPI | D34: LIMPEZA MECANIZADA DE CAMADA VEGETAL, VEGETAÇÃO E PEQUENAS ÁRVORES (DIÂMETRO DE TRONCO MENOR QUE 0,20 M), COM TRATOR DE ESTEIRAS. AF_03/2024 | E34: m² | F34: 2222.35 | G34: 0.73 | H34: 0.9 | I34: 2000.11 | J34: =I34/$I$811 -> 0.00011682817
A35: 2.1.3 | B35: 2605 | C35: ORSE | D35: Locação de serviços de pavimentação | E35: m² | F35: 2222.35 | G35: 1.44 | H35: 1.77 | I35: 3933.55 | J35: =I35/$I$811 -> 0.00022976208
A36: 2.2 | D36: MOVIMENTO DE TERRA | I36: 47839.38 | J36: =I36/$I$811 -> 0.0027943398
A37: 2.2.1 | B37: 030011 | C37: SEDOP | D37: Aterro incluindo carga, descarga, transporte e apiloamento | E37: m³ | F37: 222.24 | G37: 167.34 | H37: 206.46 | I37: 45883.67 | J37: =I37/$I$811 -> 0.0026801051
A38: 2.2.2 | B38: 96386 | C38: SINAPI | D38: EXECUÇÃO E COMPACTAÇÃO DE CORPO DE ATERRO (95% DE ENERGIA DO PROCTOR NORMAL) COM SOLO PREDOMINANTEMENTE ARENOSO ESPESSURA 15CM - EXCLUSIVE MATERIAL, ESCAVAÇÃO, CARGA E TRANSPORTE. AF_09/2024 | E38: m³ | F38: 222.24 | G38: 7.14 | H38: 8.8 | I38: 1955.71 | J38: =I38/$I$811 -> 0.00011423472
A39: 2.3 | D39: DRENAGEM | I39: 267207.15 | J39: =I39/$I$811 -> 0.015607802
A40: 2.3.1 | B40: GMS | C40: Próprio | D40: GUIA (MEIO-FIO) E SARJETA CONJUGADOS DE CONCRETO, MOLDADA IN LOCO, 45 CM BASE (15 CM BASE DA GUIA + 30 CM BASE DA SARJETA) X 22 CM ALTURA. | E40: M | F40: 550 | G40: 74.47 | H40: 91.88 | I40: 50534 | J40: =I40/$I$811 -> 0.0029517349
A41: 2.3.2 | B41: 90106 | C41: SINAPI | D41: ESCAVAÇÃO MECANIZADA DE VALA COM PROFUNDIDADE ATÉ 1,5 M (MÉDIA MONTANTE E JUSANTE/UMA COMPOSIÇÃO POR TRECHO), RETROESCAV. (0,26 M3), LARGURA DE 0,8 M A 1,5 M, EM SOLO DE 1A CATEGORIA, LOCAIS COM BAIXO NÍVEL DE INTERFERÊNCIA. AF_09/2024 | E41: m³ | F41: 327.4 | G41: 9.28 | H41: 11.44 | I41: 3745.45 | J41: =I41/$I$811 -> 0.000218775
A42: 2.3.3 | B42: 92212 | C42: SINAPI | D42: TUBO DE CONCRETO PARA REDES COLETORAS DE ÁGUAS PLUVIAIS, DIÂMETRO DE 600 MM, JUNTA RÍGIDA, INSTALADO EM LOCAL COM BAIXO NÍVEL DE INTERFERÊNCIAS - FORNECIMENTO E ASSENTAMENTO. AF_03/2024 | E42: M | F42: 16 | G42: 296.41 | H42: 365.71 | I42: 5851.36 | J42: =I42/$I$811 -> 0.00034178303
A43: 2.3.4 | B43: 92214 | C43: SINAPI | D43: TUBO DE CONCRETO PARA REDES COLETORAS DE ÁGUAS PLUVIAIS, DIÂMETRO DE 800 MM, JUNTA RÍGIDA, INSTALADO EM LOCAL COM BAIXO NÍVEL DE INTERFERÊNCIAS - FORNECIMENTO E ASSENTAMENTO. AF_03/2024 | E43: M | F43: 173 | G43: 477.26 | H43: 588.84 | I43: 101869.32 | J43: =I43/$I$811 -> 0.0059502757
A44: 2.3.5 | B44: CPU-22 | C44: Próprio | D44: BOCA DE LOBO EM CONCRETO ARMADO C/TAMPA - 1,20x1,20x1,50m | E44: UN | F44: 6 | G44: 2576.32 | H44: 3178.66 | I44: 19071.96 | J44: =I44/$I$811 -> 0.0011140098
A45: 2.3.6 | B45: 11537 | C45: ORSE | D45: Caixa de passagem / poço de visita em concreto armado fck=21 mpa, inclusive tampa em ferro fundido TDA-600mm, dimensões internas 1.40 x 1.40 x 1.50 m | E45: un | F45: 7 | G45: 9273.85 | H45: 11442.07 | I45: 80094.49 | J45: =I45/$I$811 -> 0.0046783889
A46: 2.3.7 | B46: 93379 | C46: SINAPI | D46: REATERRO MECANIZADO DE VALA COM RETROESCAVADEIRA (CAPACIDADE DA CAÇAMBA DA RETRO: 0,26 M³/POTÊNCIA: 88 HP), LARGURA 0,8 A 1,5 M, PROFUNDIDADE ATÉ 1,5 M, COM SOLO (SEM SUBSTITUIÇÃO) DE 1ª CATEGORIA, COM COMPACTADOR DE SOLOS DE PERCUSSÃO AF_08/2023 | E46: m³ | F46: 235.96 | G46: 20.75 | H46: 25.6 | I46: 6040.57 | J46: =I46/$I$811 -> 0.00035283495
A47: 2.4 | D47: PAVIMENTAÇÃO EM BLOKRET | I47: 182303.95 | J47: =I47/$I$811 -> 0.010648532
A48: 2.4.1 | B48: 92394 | C48: SINAPI | D48: EXECUÇÃO DE PAVIMENTO EM PISO INTERTRAVADO, COM BLOCO SEXTAVADO DE 25 X 25 CM, ESPESSURA 8 CM. AF_10/2022 | E48: m² | F48: 1314.85 | G48: 112.38 | H48: 138.65 | I48: 182303.95 | J48: =I48/$I$811 -> 0.010648532
A49: 2.5 | D49: SINALIZAÇÃO VIARIA | I49: 3254.96 | J49: =I49/$I$811 -> 0.00019012505
A50: 2.5.1 | B50: PLI | C50: Próprio | D50: PLACA DE IDENTIFICAÇÃO NR DE RUA, DIMENSÕES DE 45x25CM, FORN. E INSTALAÇÃO | E50: PT | F50: 2 | G50: 549.02 | H50: 677.38 | I50: 1354.76 | J50: =I50/$I$811 -> 7.9132711e-05
A51: 2.5.2 | B51: PLS | C51: Próprio | D51: PLACA DE SINALIZAÇÃO VIÁRIA TOTALMENTE REFLEXIVA | E51: UN | F51: 3 | G51: 513.38 | H51: 633.4 | I51: 1900.2 | J51: =I51/$I$811 -> 0.00011099234
A52: 2.6 | D52: LIMPEZA FINAL DA OBRA | I52: 2111.23 | J52: =I52/$I$811 -> 0.00012331878
A53: 2.6.1 | B53: 99811 | C53: SINAPI | D53: LIMPEZA DE CONTRAPISO COM VASSOURA A SECO. AF_10/2025 | E53: m² | F53: 2222.35 | G53: 0.77 | H53: 0.95 | I53: 2111.23 | J53: =I53/$I$811 -> 0.00012331878
A54: 3 | D54: RUA MANOEL MACHADO | I54: =I55+I59+I62+I70+I72+I74 -> 932505.09 | J54: =I54/$I$811 -> 0.054468434
A55: 3.1 | D55: SERVIÇOS PRELIMINARES | I55: 12230.09 | J55: =I55/$I$811 -> 0.0007143702
A56: 3.1.1 | B56: 103689 | C56: SINAPI | D56: FORNECIMENTO E INSTALAÇÃO DE PLACA DE OBRA COM CHAPA GALVANIZADA E ESTRUTURA DE MADEIRA. AF_03/2022_PS | E56: m² | F56: 6 | G56: 507.9 | H56: 626.64 | I56: 3759.84 | J56: =I56/$I$811 -> 0.00021961553
A57: 3.1.2 | B57: 98525 | C57: SINAPI | D57: LIMPEZA MECANIZADA DE CAMADA VEGETAL, VEGETAÇÃO E PEQUENAS ÁRVORES (DIÂMETRO DE TRONCO MENOR QUE 0,20 M), COM TRATOR DE ESTEIRAS. AF_03/2024 | E57: m² | F57: 3172.38 | G57: 0.73 | H57: 0.9 | I57: 2855.14 | J57: =I57/$I$811 -> 0.00016677121
A58: 3.1.3 | B58: 2605 | C58: ORSE | D58: Locação de serviços de pavimentação | E58: m² | F58: 3172.38 | G58: 1.44 | H58: 1.77 | I58: 5615.11 | J58: =I58/$I$811 -> 0.00032798346
A59: 3.2 | D59: MOVIMENTO DE TERRA | I59: 68289.08 | J59: =I59/$I$811 -> 0.0039888246
A60: 3.2.1 | B60: 030011 | C60: SEDOP | D60: Aterro incluindo carga, descarga, transporte e apiloamento | E60: m³ | F60: 317.24 | G60: 167.34 | H60: 206.46 | I60: 65497.37 | J60: =I60/$I$811 -> 0.0038257584
A61: 3.2.2 | B61: 96386 | C61: SINAPI | D61: EXECUÇÃO E COMPACTAÇÃO DE CORPO DE ATERRO (95% DE ENERGIA DO PROCTOR NORMAL) COM SOLO PREDOMINANTEMENTE ARENOSO ESPESSURA 15CM - EXCLUSIVE MATERIAL, ESCAVAÇÃO, CARGA E TRANSPORTE. AF_09/2024 | E61: m³ | F61: 317.24 | G61: 7.14 | H61: 8.8 | I61: 2791.71 | J61: =I61/$I$811 -> 0.00016306621
A62: 3.3 | D62: DRENAGEM | I62: 561639 | J62: =I62/$I$811 -> 0.032805823
A63: 3.3.1 | B63: GMS | C63: Próprio | D63: GUIA (MEIO-FIO) E SARJETA CONJUGADOS DE CONCRETO, MOLDADA IN LOCO, 45 CM BASE (15 CM BASE DA GUIA + 30 CM BASE DA SARJETA) X 22 CM ALTURA. | E63: M | F63: 617.86 | G63: 74.47 | H63: 91.88 | I63: 56768.97 | J63: =I63/$I$811 -> 0.003315925
A64: 3.3.2 | B64: 90106 | C64: SINAPI | D64: ESCAVAÇÃO MECANIZADA DE VALA COM PROFUNDIDADE ATÉ 1,5 M (MÉDIA MONTANTE E JUSANTE/UMA COMPOSIÇÃO POR TRECHO), RETROESCAV. (0,26 M3), LARGURA DE 0,8 M A 1,5 M, EM SOLO DE 1A CATEGORIA, LOCAIS COM BAIXO NÍVEL DE INTERFERÊNCIA. AF_09/2024 | E64: m³ | F64: 699.6 | G64: 9.28 | H64: 11.44 | I64: 8003.42 | J64: =I64/$I$811 -> 0.00046748673
A65: 3.3.3 | B65: 95565 | C65: SINAPI | D65: TUBO DE CONCRETO PARA REDES COLETORAS DE ÁGUAS PLUVIAIS, DIÂMETRO DE 300MM, JUNTA RÍGIDA, INSTALADO EM LOCAL COM BAIXO NÍVEL DE INTERFERÊNCIAS - FORNECIMENTO E ASSENTAMENTO. AF_03/2024 | E65: M | F65: 110 | G65: 135.17 | H65: 166.77 | I65: 18344.7 | J65: =I65/$I$811 -> 0.0010715299
A66: 3.3.4 | B66: 92214 | C66: SINAPI | D66: TUBO DE CONCRETO PARA REDES COLETORAS DE ÁGUAS PLUVIAIS, DIÂMETRO DE 800 MM, JUNTA RÍGIDA, INSTALADO EM LOCAL COM BAIXO NÍVEL DE INTERFERÊNCIAS - FORNECIMENTO E ASSENTAMENTO. AF_03/2024 | E66: M | F66: 363 | G66: 477.26 | H66: 588.84 | I66: 213748.92 | J66: =I66/$I$811 -> 0.012485261
A67: 3.3.5 | B67: CPU-22 | C67: Próprio | D67: BOCA DE LOBO EM CONCRETO ARMADO C/TAMPA - 1,20x1,20x1,50m | E67: UN | F67: 18 | G67: 2576.32 | H67: 3178.66 | I67: 57215.88 | J67: =I67/$I$811 -> 0.0033420294
A68: 3.3.6 | B68: 11537 | C68: ORSE | D68: Caixa de passagem / poço de visita em concreto armado fck=21 mpa, inclusive tampa em ferro fundido TDA-600mm, dimensões internas 1.40 x 1.40 x 1.50 m | E68: un | F68: 17 | G68: 9273.85 | H68: 11442.07 | I68: 194515.19 | J68: =I68/$I$811 -> 0.011361802
A69: 3.3.7 | B69: 93379 | C69: SINAPI | D69: REATERRO MECANIZADO DE VALA COM RETROESCAVADEIRA (CAPACIDADE DA CAÇAMBA DA RETRO: 0,26 M³/POTÊNCIA: 88 HP), LARGURA 0,8 A 1,5 M, PROFUNDIDADE ATÉ 1,5 M, COM SOLO (SEM SUBSTITUIÇÃO) DE 1ª CATEGORIA, COM COMPACTADOR DE SOLOS DE PERCUSSÃO AF_08/2023 | E69: m³ | F69: 509.45 | G69: 20.75 | H69: 25.6 | I69: 13041.92 | J69: =I69/$I$811 -> 0.0007617899
A70: 3.4 | D70: PAVIMENTAÇÃO EM BLOKRET | I70: 283268.88 | J70: =I70/$I$811 -> 0.016545982
A71: 3.4.1 | B71: 92394 | C71: SINAPI | D71: EXECUÇÃO DE PAVIMENTO EM PISO INTERTRAVADO, COM BLOCO SEXTAVADO DE 25 X 25 CM, ESPESSURA 8 CM. AF_10/2022 | E71: m² | F71: 2043.05 | G71: 112.38 | H71: 138.65 | I71: 283268.88 | J71: =I71/$I$811 -> 0.016545982
A72: 3.5 | D72: SINALIZAÇÃO VIARIA | I72: 4064.28 | J72: =I72/$I$811 -> 0.00023739813
A73: 3.5.1 | B73: PLI | C73: Próprio | D73: PLACA DE IDENTIFICAÇÃO NR DE RUA, DIMENSÕES DE 45x25CM, FORN. E INSTALAÇÃO | E73: PT | F73: 6 | G73: 549.02 | H73: 677.38 | I73: 4064.28 | J73: =I73/$I$811 -> 0.00023739813
A74: 3.6 | D74: LIMPEZA FINAL DA OBRA | I74: 3013.76 | J74: =I74/$I$811 -> 0.00017603635
A75: 3.6.1 | B75: 99811 | C75: SINAPI | D75: LIMPEZA DE CONTRAPISO COM VASSOURA A SECO. AF_10/2025 | E75: m² | F75: 3172.38 | G75: 0.77 | H75: 0.95 | I75: 3013.76 | J75: =I75/$I$811 -> 0.00017603635
A76: 4 | D76: RUA 7 DE SETEMBRO | I76: =I77+I81+I84+I90+I92+I95 -> 87014.19 | J76: =I76/$I$811 -> 0.0050825746
A77: 4.1 | D77: SERVIÇOS PRELIMINARES | I77: 4721.04 | J77: =I77/$I$811 -> 0.00027576006
A78: 4.1.1 | B78: 103689 | C78: SINAPI | D78: FORNECIMENTO E INSTALAÇÃO DE PLACA DE OBRA COM CHAPA GALVANIZADA E ESTRUTURA DE MADEIRA. AF_03/2022_PS | E78: m² | F78: 6 | G78: 507.9 | H78: 626.64 | I78: 3759.84 | J78: =I78/$I$811 -> 0.00021961553
A79: 4.1.2 | B79: 98525 | C79: SINAPI | D79: LIMPEZA MECANIZADA DE CAMADA VEGETAL, VEGETAÇÃO E PEQUENAS ÁRVORES (DIÂMETRO DE TRONCO MENOR QUE 0,20 M), COM TRATOR DE ESTEIRAS. AF_03/2024 | E79: m² | F79: 360 | G79: 0.73 | H79: 0.9 | I79: 324 | J79: =I79/$I$811 -> 1.8925122e-05
A80: 4.1.3 | B80: 2605 | C80: ORSE | D80: Locação de serviços de pavimentação | E80: m² | F80: 360 | G80: 1.44 | H80: 1.77 | I80: 637.2 | J80: =I80/$I$811 -> 3.7219407e-05
A81: 4.2 | D81: MOVIMENTO DE TERRA | I81: 7749.36 | J81: =I81/$I$811 -> 0.00045264686
A82: 4.2.1 | B82: 030011 | C82: SEDOP | D82: Aterro incluindo carga, descarga, transporte e apiloamento | E82: m³ | F82: 36 | G82: 167.34 | H82: 206.46 | I82: 7432.56 | J82: =I82/$I$811 -> 0.0004341423
A83: 4.2.2 | B83: 96386 | C83: SINAPI | D83: EXECUÇÃO E COMPACTAÇÃO DE CORPO DE ATERRO (95% DE ENERGIA DO PROCTOR NORMAL) COM SOLO PREDOMINANTEMENTE ARENOSO ESPESSURA 15CM - EXCLUSIVE MATERIAL, ESCAVAÇÃO, CARGA E TRANSPORTE. AF_09/2024 | E83: m³ | F83: 36 | G83: 7.14 | H83: 8.8 | I83: 316.8 | J83: =I83/$I$811 -> 1.8504564e-05
A84: 4.3 | D84: DRENAGEM | I84: 30464.11 | J84: =I84/$I$811 -> 0.0017794352
A85: 4.3.1 | B85: GMS | C85: Próprio | D85: GUIA (MEIO-FIO) E SARJETA CONJUGADOS DE CONCRETO, MOLDADA IN LOCO, 45 CM BASE (15 CM BASE DA GUIA + 30 CM BASE DA SARJETA) X 22 CM ALTURA. | E85: M | F85: 120 | G85: 74.47 | H85: 91.88 | I85: 11025.6 | J85: =I85/$I$811 -> 0.00064401489
A86: 4.3.2 | B86: 90106 | C86: SINAPI | D86: ESCAVAÇÃO MECANIZADA DE VALA COM PROFUNDIDADE ATÉ 1,5 M (MÉDIA MONTANTE E JUSANTE/UMA COMPOSIÇÃO POR TRECHO), RETROESCAV. (0,26 M3), LARGURA DE 0,8 M A 1,5 M, EM SOLO DE 1A CATEGORIA, LOCAIS COM BAIXO NÍVEL DE INTERFERÊNCIA. AF_09/2024 | E86: m³ | F86: 17 | G86: 9.28 | H86: 11.44 | I86: 194.48 | J86: =I86/$I$811 -> 1.1359746e-05
A87: 4.3.3 | B87: 92212 | C87: SINAPI | D87: TUBO DE CONCRETO PARA REDES COLETORAS DE ÁGUAS PLUVIAIS, DIÂMETRO DE 600 MM, JUNTA RÍGIDA, INSTALADO EM LOCAL COM BAIXO NÍVEL DE INTERFERÊNCIAS - FORNECIMENTO E ASSENTAMENTO. AF_03/2024 | E87: M | F87: 17 | G87: 296.41 | H87: 365.71 | I87: 6217.07 | J87: =I87/$I$811 -> 0.00036314447
A88: 4.3.4 | B88: CPU-22 | C88: Próprio | D88: BOCA DE LOBO EM CONCRETO ARMADO C/TAMPA - 1,20x1,20x1,50m | E88: UN | F88: 4 | G88: 2576.32 | H88: 3178.66 | I88: 12714.64 | J88: =I88/$I$811 -> 0.00074267319
A89: 4.3.5 | B89: 93379 | C89: SINAPI | D89: REATERRO MECANIZADO DE VALA COM RETROESCAVADEIRA (CAPACIDADE DA CAÇAMBA DA RETRO: 0,26 M³/POTÊNCIA: 88 HP), LARGURA 0,8 A 1,5 M, PROFUNDIDADE ATÉ 1,5 M, COM SOLO (SEM SUBSTITUIÇÃO) DE 1ª CATEGORIA, COM COMPACTADOR DE SOLOS DE PERCUSSÃO AF_08/2023 | E89: m³ | F89: 12.2 | G89: 20.75 | H89: 25.6 | I89: 312.32 | J89: =I89/$I$811 -> 1.8242883e-05
A90: 4.4 | D90: PAVIMENTAÇÃO EM BLOKRET | I90: 42426.9 | J90: =I90/$I$811 -> 0.0024781922
A91: 4.4.1 | B91: 92394 | C91: SINAPI | D91: EXECUÇÃO DE PAVIMENTO EM PISO INTERTRAVADO, COM BLOCO SEXTAVADO DE 25 X 25 CM, ESPESSURA 8 CM. AF_10/2022 | E91: m² | F91: 306 | G91: 112.38 | H91: 138.65 | I91: 42426.9 | J91: =I91/$I$811 -> 0.0024781922
A92: 4.5 | D92: SINALIZAÇÃO VIARIA | I92: 1310.78 | J92: =I92/$I$811 -> 7.6563801e-05
A93: 4.5.1 | B93: PLI | C93: Próprio | D93: PLACA DE IDENTIFICAÇÃO NR DE RUA, DIMENSÕES DE 45x25CM, FORN. E INSTALAÇÃO | E93: PT | F93: 1 | G93: 549.02 | H93: 677.38 | I93: 677.38 | J93: =I93/$I$811 -> 3.9566356e-05
A94: 4.5.2 | B94: PLS | C94: Próprio | D94: PLACA DE SINALIZAÇÃO VIÁRIA TOTALMENTE REFLEXIVA | E94: UN | F94: 1 | G94: 513.38 | H94: 633.4 | I94: 633.4 | J94: =I94/$I$811 -> 3.6997445e-05
A95: 4.6 | D95: LIMPEZA FINAL DA OBRA | I95: 342 | J95: =I95/$I$811 -> 1.9976518e-05
A96: 4.6.1 | B96: 99811 | C96: SINAPI | D96: LIMPEZA DE CONTRAPISO COM VASSOURA A SECO. AF_10/2025 | E96: m² | F96: 360 | G96: 0.77 | H96: 0.95 | I96: 342 | J96: =I96/$I$811 -> 1.9976518e-05
A97: 5 | D97: TV.CASTILHO FRANÇA | I97: =I98+I102+I105+I107+I109+I111 -> 408646.93 | J97: =I97/$I$811 -> 0.023869423
A98: 5.1 | D98: SERVIÇOS PRELIMINARES | I98: 12090.24 | J98: =I98/$I$811 -> 0.00070620144
A99: 5.1.1 | B99: 103689 | C99: SINAPI | D99: FORNECIMENTO E INSTALAÇÃO DE PLACA DE OBRA COM CHAPA GALVANIZADA E ESTRUTURA DE MADEIRA. AF_03/2022_PS | E99: m² | F99: 6 | G99: 507.9 | H99: 626.64 | I99: 3759.84 | J99: =I99/$I$811 -> 0.00021961553
A100: 5.1.2 | B100: 98525 | C100: SINAPI | D100: LIMPEZA MECANIZADA DE CAMADA VEGETAL, VEGETAÇÃO E PEQUENAS ÁRVORES (DIÂMETRO DE TRONCO MENOR QUE 0,20 M), COM TRATOR DE ESTEIRAS. AF_03/2024 | E100: m² | F100: 3120 | G100: 0.73 | H100: 0.9 | I100: 2808 | J100: =I100/$I$811 -> 0.00016401772
A101: 5.1.3 | B101: 2605 | C101: ORSE | D101: Locação de serviços de pavimentação | E101: m² | F101: 3120 | G101: 1.44 | H101: 1.77 | I101: 5522.4 | J101: =I101/$I$811 -> 0.00032256819
...

Sheet MEMÓRIA DE CÁLCULO
A2: PREFEITURA MUNICIPAL DE BREVES
A3: SECRETARIA MUNICIPAL DE DESENVOLVIMENTO ECONÔMICO, PROJETOS E CONVÊNIOS
A5: OBRA: PAVIMENTAÇÃO DE VIAS URBANAS | I5: BDI: | J5: 0.2338
A6: LOCAL: ZONA URBANA DO MUNICÍPIO - BREVES - PA | I6: PRAZO DE EXECUÇÃO: | J6: 360 DIAS
A7: REF. DE PREÇOS: SINAPI 03/2026 - SEOP 03/2026 - ORSE - 02/2026 - NÃO DESONERADO | H7: VALOR TOTAL: | I7: ='Orçamento Sintético'!I811 -> 17120101
I8: DATA: | J8: 46141
A9: MÉMORIA DE CÁLCULO
A10: Item | B10: Código | C10: Banco | D10: Descrição | E10: Und | F10: Quant. | G10: Memória de cálculo
A11: 1 | D11: ALAMEDA MADENORTE
A12: 1.1 | D12: SERVIÇOS PRELIMINARES
A13: 1.1.1 | B13: 103689 | C13: SINAPI | D13: FORNECIMENTO E INSTALAÇÃO DE PLACA DE OBRA COM CHAPA GALVANIZADA E ESTRUTURA DE MADEIRA. AF_03/2022_PS | E13: m² | F13: 6 | G13: 6,00m x 3,00m
A14: 1.1.2 | B14: 98525 | C14: SINAPI | D14: LIMPEZA MECANIZADA DE CAMADA VEGETAL, VEGETAÇÃO E PEQUENAS ÁRVORES (DIÂMETRO DE TRONCO MENOR QUE 0,20 M), COM TRATOR DE ESTEIRAS. AF_03/2024 | E14: m² | F14: 4284.39 | G14: Trecho 1-(102,12m x 10,25m)=1.046,73m² + Trecho 2 -(215,97m x 10,25m)= 2,213,69m² + Trecho 3 - (99,90m x 10,25m)= 1.023,97m²
A15: 1.1.3 | B15: 2605 | C15: ORSE | D15: Locação de serviços de pavimentação | E15: m² | F15: 4284.39 | G15: Trecho 1-(102,12m x 10,25m)=1.046,73m² + Trecho 2 -(215,97m x 10,25m)= 2,213,69m² + Trecho 3 - (99,90m x 10,25m)= 1.023,97m²
A16: 1.2 | D16: MOVIMENTO DE TERRA | F16: 1
A17: 1.2.1. | B17: 030011 | C17: SEDOP | D17: Aterro incluindo carga, descarga, transporte e apiloamento | E17: m³ | F17: 428.43 | G17: Trecho 1-[(102,12m x 10,25m)=1.046,73m² x 0,10m= 104,67m³] + Trecho 2 -[(215,97m x 10,25m)= 2,213,69m² x 0,10m= 221,36m³] + Trecho 3 -[ (99,90m x 10,25m)= 1.023,97m² x 0,10m = 102,40m³]
A18: 1.2.1. | B18: 96386 | C18: SINAPI | D18: EXECUÇÃO E COMPACTAÇÃO DE CORPO DE ATERRO (95% DE ENERGIA DO PROCTOR NORMAL) COM SOLO PREDOMINANTEMENTE ARENOSO ESPESSURA 15CM - EXCLUSIVE MATERIAL, ESCAVAÇÃO, CARGA E TRANSPORTE. AF_09/2024 | E18: m³ | F18: 428.43 | G18: Trecho 1-[(102,12m x 10,25m)=1.046,73m² x 0,10m= 104,67m³] + Trecho 2 -[(215,97m x 10,25m)= 2,213,69m² x 0,10m= 221,36m³] + Trecho 3 -[ (99,90m x 10,25m)= 1.023,97m² x 0,10m = 102,40m³]
A19: 1.3 | D19: DRENAGEM | F19: 1
A20: 1.3.1 | B20: GMS | C20: Próprio | D20: GUIA (MEIO-FIO) E SARJETA CONJUGADOS DE CONCRETO, MOLDADA IN LOCO, 45 CM BASE (15 CM BASE DA GUIA + 30 CM BASE DA SARJETA) X 22 CM ALTURA. | E20: M | F20: 835.98 | G20: Trecho 1 - 204,24m + Trecho 2 - 431,94m + trecho 3 - 199,80m
A21: 1.3.2 | B21: 90106 | C21: SINAPI | D21: ESCAVAÇÃO MECANIZADA DE VALA COM PROFUNDIDADE ATÉ 1,5 M (MÉDIA MONTANTE E JUSANTE/UMA COMPOSIÇÃO POR TRECHO), RETROESCAV. (0,26 M3), LARGURA DE 0,8 M A 1,5 M, EM SOLO DE 1A CATEGORIA, LOCAIS COM BAIXO NÍVEL DE INTERFERÊNCIA. AF_09/2024 | E21: m³ | F21: 67 | G21: Trecho 1 - (1,00m x 1,00m x 33,00m)= 33,00m³ + Trecho 2 - (1,00m x 1,00m x 34,00m)= 34,00m³
A22: 1.3.3 | B22: 92212 | C22: SINAPI | D22: TUBO DE CONCRETO PARA REDES COLETORAS DE ÁGUAS PLUVIAIS, DIÂMETRO DE 600 MM, JUNTA RÍGIDA, INSTALADO EM LOCAL COM BAIXO NÍVEL DE INTERFERÊNCIAS - FORNECIMENTO E ASSENTAMENTO. AF_03/2024 | E22: M | F22: 67 | G22: Trecho 1 - ( 13,00m + 7,00m + 13,00m)= 33,00m + Trecho 2 - (13,00m x 6,00m x 15,00m)= 34,00m
A23: 1.3.4 | B23: CPU-22 | C23: Próprio | D23: BOCA DE LOBO EM CONCRETO ARMADO C/TAMPA - 1,20x1,20x1,50m | E23: UN | F23: 8 | G23: Trecho 1 - 4,00 unidades + Trecho 2 - 4,00 unidades
A24: 1.3.5 | B24: 93379 | C24: SINAPI | D24: REATERRO MECANIZADO DE VALA COM RETROESCAVADEIRA (CAPACIDADE DA CAÇAMBA DA RETRO: 0,26 M³/POTÊNCIA: 88 HP), LARGURA 0,8 A 1,5 M, PROFUNDIDADE ATÉ 1,5 M, COM SOLO (SEM SUBSTITUIÇÃO) DE 1ª CATEGORIA, COM COMPACTADOR DE SOLOS DE PERCUSSÃO AF_08/2023 | E24: m³ | F24: 48.06 | G24: Trecho 1 - [33,00m³ - (3,14 x 0,30² x 33,00m)= 23,67m³ + Trecho 2 - [34,00m³-(3,14 x 0,30² x 34,00m)= 24,39m³
A25: 1.4 | D25: PAVIMENTAÇÃO EM BLOKRET | F25: 1
A26: 1.4.1 | B26: 92394 | C26: SINAPI | D26: EXECUÇÃO DE PAVIMENTO EM PISO INTERTRAVADO, COM BLOCO SEXTAVADO DE 25 X 25 CM, ESPESSURA 8 CM. AF_10/2022 | E26: m² | F26: 2905.02 | G26: (5,10m x 60,00m)
A27: 1.5 | D27: SINALIZAÇÃO VIARIA | F27: 1
A28: 1.5.1 | B28: PLI | C28: Próprio | D28: PLACA DE IDENTIFICAÇÃO NR DE RUA, DIMENSÕES DE 45x25CM, FORN. E INSTALAÇÃO | E28: PT | F28: 3 | G28: Trecho 1 - 1,00 unid + Trecho 2 - 1,00 unid + trecho 3 - 1,00 unid
A29: 1.5.2 | B29: PLS | C29: Próprio | D29: PLACA DE SINALIZAÇÃO VIÁRIA TOTALMENTE REFLEXIVA | E29: UN | F29: 5 | G29: Trecho 1 - 2,00 unid + Trecho 2 - 2,00 unid + trecho 3 - 1,00 unid
A30: 1.6 | D30: LIMPEZA FINAL DA OBRA | F30: 1
A31: 1.6.1 | B31: 99811 | C31: SINAPI | D31: LIMPEZA DE CONTRAPISO COM VASSOURA A SECO. AF_10/2025 | E31: m² | F31: 4284.39 | G31: Trecho 1-(102,12m x 10,25m)=1.046,73m² + Trecho 2 -(215,97m x 10,25m)= 2,213,69m² + Trecho 3 - (99,90m x 10,25m)= 1.023,97m²
A32: 2 | D32: RUA BOM SOSSEGO
A33: 2.1 | D33: SERVIÇOS PRELIMINARES
A34: 2.1.1 | B34: 103689 | C34: SINAPI | D34: FORNECIMENTO E INSTALAÇÃO DE PLACA DE OBRA COM CHAPA GALVANIZADA E ESTRUTURA DE MADEIRA. AF_03/2022_PS | E34: m² | F34: 6 | G34: 6,00m x 3,00m
A35: 2.1.2 | B35: 98525 | C35: SINAPI | D35: LIMPEZA MECANIZADA DE CAMADA VEGETAL, VEGETAÇÃO E PEQUENAS ÁRVORES (DIÂMETRO DE TRONCO MENOR QUE 0,20 M), COM TRATOR DE ESTEIRAS. AF_03/2024 | E35: m² | F35: 2222.35 | G35: Trecho 1-(184,00m x 7,80m)=1.435,20m² + Trecho 2 -(91,00m x 8,65m)= 787,15m² - total=2.222,35m²
A36: 2.1.3 | B36: 2605 | C36: ORSE | D36: Locação de serviços de pavimentação | E36: m² | F36: 2222.35 | G36: Trecho 1-(184,00m x 7,80m)=1.435,20m² + Trecho 2 -(91,00m x 8,65m)= 787,15m² - total=2.222,35m²
A37: 2.2 | D37: MOVIMENTO DE TERRA
A38: 2.2.1 | B38: 030011 | C38: SEDOP | D38: Aterro incluindo carga, descarga, transporte e apiloamento | E38: m³ | F38: 222.24 | G38: Trecho 1-(184,00m x 7,80m x 0,10m)=143,52m² + Trecho 2 -(91,00m x 8,65m x 0,10m)= 78,72m² - total=222,24m²
A39: 2.2.2 | B39: 96386 | C39: SINAPI | D39: EXECUÇÃO E COMPACTAÇÃO DE CORPO DE ATERRO (95% DE ENERGIA DO PROCTOR NORMAL) COM SOLO PREDOMINANTEMENTE ARENOSO ESPESSURA 15CM - EXCLUSIVE MATERIAL, ESCAVAÇÃO, CARGA E TRANSPORTE. AF_09/2024 | E39: m³ | F39: 222.24 | G39: Trecho 1-(184,00m x 7,80m x 0,10m)=143,52m² + Trecho 2 -(91,00m x 8,65m x 0,10m)= 78,72m² - total=222,24m²
A40: 2.3 | D40: DRENAGEM
A41: 2.3.1 | B41: GMS | C41: Próprio | D41: GUIA (MEIO-FIO) E SARJETA CONJUGADOS DE CONCRETO, MOLDADA IN LOCO, 45 CM BASE (15 CM BASE DA GUIA + 30 CM BASE DA SARJETA) X 22 CM ALTURA. | E41: M | F41: 550 | G41: Trecho 1 - (184,00m x 2lados)=368,00m + Trecho 2 - (91,00m x 2 lados)=182,00m - total = 550,00m
A42: 2.3.2 | B42: 90106 | C42: SINAPI | D42: ESCAVAÇÃO MECANIZADA DE VALA COM PROFUNDIDADE ATÉ 1,5 M (MÉDIA MONTANTE E JUSANTE/UMA COMPOSIÇÃO POR TRECHO), RETROESCAV. (0,26 M3), LARGURA DE 0,8 M A 1,5 M, EM SOLO DE 1A CATEGORIA, LOCAIS COM BAIXO NÍVEL DE INTERFERÊNCIA. AF_09/2024 | E42: m³ | F42: 327.4 | G42: Trecho 1 - [(1,20m x 1,50m x 173,00m) + (1,00m x 1,00m x 16,00m)]= 327,40m³
A43: 2.3.3 | B43: 92212 | C43: SINAPI | D43: TUBO DE CONCRETO PARA REDES COLETORAS DE ÁGUAS PLUVIAIS, DIÂMETRO DE 600 MM, JUNTA RÍGIDA, INSTALADO EM LOCAL COM BAIXO NÍVEL DE INTERFERÊNCIAS - FORNECIMENTO E ASSENTAMENTO. AF_03/2024 | E43: M | F43: 16 | G43: Trecho 1 = 16,00 metros
A44: 2.3.4 | B44: 92214 | C44: SINAPI | D44: TUBO DE CONCRETO PARA REDES COLETORAS DE ÁGUAS PLUVIAIS, DIÂMETRO DE 800 MM, JUNTA RÍGIDA, INSTALADO EM LOCAL COM BAIXO NÍVEL DE INTERFERÊNCIAS - FORNECIMENTO E ASSENTAMENTO. AF_03/2024 | E44: M | F44: 173 | G44: Trecho 1 = 173,00 metros
A45: 2.3.5 | B45: CPU-22 | C45: Próprio | D45: BOCA DE LOBO EM CONCRETO ARMADO C/TAMPA - 1,20x1,20x1,50m | E45: UN | F45: 6 | G45: Trecho 1 = 6,00 unidades
A46: 2.3.6 | B46: 11537 | C46: ORSE | D46: Caixa de passagem / poço de visita em concreto armado fck=21 mpa, inclusive tampa em ferro fundido TDA-600mm, dimensões internas 1.40 x 1.40 x 1.50 m | E46: un | F46: 7 | G46: Trecho 1 = 7,00 unidades
A47: 2.3.7 | B47: 93379 | C47: SINAPI | D47: REATERRO MECANIZADO DE VALA COM RETROESCAVADEIRA (CAPACIDADE DA CAÇAMBA DA RETRO: 0,26 M³/POTÊNCIA: 88 HP), LARGURA 0,8 A 1,5 M, PROFUNDIDADE ATÉ 1,5 M, COM SOLO (SEM SUBSTITUIÇÃO) DE 1ª CATEGORIA, COM COMPACTADOR DE SOLOS DE PERCUSSÃO AF_08/2023 | E47: m³ | F47: 235.96 | G47: Trecho 1 - [327,40m³ - [(3,14 x 0,40² x 173,00m)+(3,14x0,30²x 16,00m)= 235,96m³
A48: 2.4 | D48: PAVIMENTAÇÃO EM BLOKRET
A49: 2.4.1 | B49: 92394 | C49: SINAPI | D49: EXECUÇÃO DE PAVIMENTO EM PISO INTERTRAVADO, COM BLOCO SEXTAVADO DE 25 X 25 CM, ESPESSURA 8 CM. AF_10/2022 | E49: m² | F49: 1314.85 | G49: Trecho 1-(184,00m x 4,50m)=828,00m² + Trecho 2 -(91,00m x 5,35m)= 486,85m² - total= 1.314,,85m²
A50: 2.5 | D50: SINALIZAÇÃO VIARIA
A51: 2.5.1 | B51: PLI | C51: Próprio | D51: PLACA DE IDENTIFICAÇÃO NR DE RUA, DIMENSÕES DE 45x25CM, FORN. E INSTALAÇÃO | E51: PT | F51: 2 | G51: Trecho 1 = 2,00 pontos
A52: 2.5.2 | B52: PLS | C52: Próprio | D52: PLACA DE SINALIZAÇÃO VIÁRIA TOTALMENTE REFLEXIVA | E52: UN | F52: 3 | G52: Trecho 1 = 2,00 unidades + Trecho 3 = 1,00 unidade
A53: 2.6 | D53: LIMPEZA FINAL DA OBRA
A54: 2.6.1 | B54: 99811 | C54: SINAPI | D54: LIMPEZA DE CONTRAPISO COM VASSOURA A SECO. AF_10/2025 | E54: m² | F54: 2222.35 | G54: Trecho 1-(184,00m x 7,80m)=1.435,20m² + Trecho 2 -(91,00m x 8,65m)= 787,15m² - total=2.222,35m²
A55: 3 | D55: RUA MANOEL MACHADO
A56: 3.1 | D56: SERVIÇOS PRELIMINARES
A57: 3.1.1 | B57: 103689 | C57: SINAPI | D57: FORNECIMENTO E INSTALAÇÃO DE PLACA DE OBRA COM CHAPA GALVANIZADA E ESTRUTURA DE MADEIRA. AF_03/2022_PS | E57: m² | F57: 6 | G57: 6,00m x 3,00m
A58: 3.1.2 | B58: 98525 | C58: SINAPI | D58: LIMPEZA MECANIZADA DE CAMADA VEGETAL, VEGETAÇÃO E PEQUENAS ÁRVORES (DIÂMETRO DE TRONCO MENOR QUE 0,20 M), COM TRATOR DE ESTEIRAS. AF_03/2024 | E58: m² | F58: 3172.38 | G58: Trecho 1-(52,18m x 9,27m)=483,71m² + Trecho 2 -(70,11m x 9,27m)= 649,92m² + Trecho 3 - (72,12m x 9,27m)= 668,55m² + Trecho 4 - (79,51m x 9,27m)= 737,06m² + Trecho 5 - (68,30m x 9,27m)= 633,14m² - total=3.172,38m²
A59: 3.1.3 | B59: 2605 | C59: ORSE | D59: Locação de serviços de pavimentação | E59: m² | F59: 3172.38 | G59: Trecho 1-(52,18m x 9,27m)=483,71m² + Trecho 2 -(70,11m x 9,27m)= 649,92m² + Trecho 3 - (72,12m x 9,27m)= 668,55m² + Trecho 4 - (79,51m x 9,27m)= 737,06m² + Trecho 5 - (68,30m x 9,27m)= 633,14m² - total=3.172,38m²
A60: 3.2 | D60: MOVIMENTO DE TERRA
A61: 3.2.1 | B61: 030011 | C61: SEDOP | D61: Aterro incluindo carga, descarga, transporte e apiloamento | E61: m³ | F61: 317.24 | G61: Trecho 1-(52,18m x 9,27m)=483,71m² + Trecho 2 -(70,11m x 9,27m)= 649,92m² + Trecho 3 - (72,12m x 9,27m)= 668,55m² + Trecho 4 - (79,51m x 9,27m)= 737,06m² + Trecho 5 - (68,30m x 9,27m)= 633,14m² - total=3.172,38m² x 0,10m = 317,24m³
A62: 3.2.2 | B62: 96386 | C62: SINAPI | D62: EXECUÇÃO E COMPACTAÇÃO DE CORPO DE ATERRO (95% DE ENERGIA DO PROCTOR NORMAL) COM SOLO PREDOMINANTEMENTE ARENOSO ESPESSURA 15CM - EXCLUSIVE MATERIAL, ESCAVAÇÃO, CARGA E TRANSPORTE. AF_09/2024 | E62: m³ | F62: 317.24 | G62: Trecho 1-(52,18m x 9,27m)=483,71m² + Trecho 2 -(70,11m x 9,27m)= 649,92m² + Trecho 3 - (72,12m x 9,27m)= 668,55m² + Trecho 4 - (79,51m x 9,27m)= 737,06m² + Trecho 5 - (68,30m x 9,27m)= 633,14m² - total=3.172,38m² x 0,10m = 317,24m³
A63: 3.3 | D63: DRENAGEM
A64: 3.3.1 | B64: GMS | C64: Próprio | D64: GUIA (MEIO-FIO) E SARJETA CONJUGADOS DE CONCRETO, MOLDADA IN LOCO, 45 CM BASE (15 CM BASE DA GUIA + 30 CM BASE DA SARJETA) X 22 CM ALTURA. | E64: M | F64: 617.86 | G64: Trecho 1 - (45,82x2lados)=91,64m + Trecho 2 - (63,35m x 2 lados)=126,70m + trecho 3 - (65,43m x 2lados)=130,86m + Trecho 4 - (72,90m x 2lados)=145,80m + Trecho 5 - (61,43m x 2 lados)=122,86m - total = 617,86m
A65: 3.3.2 | B65: 90106 | C65: SINAPI | D65: ESCAVAÇÃO MECANIZADA DE VALA COM PROFUNDIDADE ATÉ 1,5 M (MÉDIA MONTANTE E JUSANTE/UMA COMPOSIÇÃO POR TRECHO), RETROESCAV. (0,26 M3), LARGURA DE 0,8 M A 1,5 M, EM SOLO DE 1A CATEGORIA, LOCAIS COM BAIXO NÍVEL DE INTERFERÊNCIA. AF_09/2024 | E65: m³ | F65: 699.6 | G65: Trecho 1 - [(1,20m x 1,50m x 97,00m) + (0,70m x 0,60m x 26,00m)]=185,52m³ + Trecho 2 - [(1,20m x 1,50m x 78,00m) + (0,70m x 0,60m x 26,00m)]=151,32m³ + Trecho 3-[(1,20m x 1,50m x 70,00m) + (0,70m x 0,60m x 26,00m)]=136,92m³ + Trecho 4 - [(1,20m x 1,50m x 68,00m) + (0,70m x 0,60m x 26,00m)]=133,32m³+ Trecho 5 - [(1,20m x 1,50m x 50,00m) + (0,70m x 0,60m x 6,00m)]=92,52m³
A66: 3.3.3 | B66: 95565 | C66: SINAPI | D66: TUBO DE CONCRETO PARA REDES COLETORAS DE ÁGUAS PLUVIAIS, DIÂMETRO DE 300MM, JUNTA RÍGIDA, INSTALADO EM LOCAL COM BAIXO NÍVEL DE INTERFERÊNCIAS - FORNECIMENTO E ASSENTAMENTO. AF_03/2024 | E66: M | F66: 110 | G66: Trecho 1 = 26,00m + Trecho 2 = 26,00m + Trecho 3 = 26,00m + Trecho 4 = 26,00m + Trecho 5 =6,00m
A67: 3.3.4 | B67: 92214 | C67: SINAPI | D67: TUBO DE CONCRETO PARA REDES COLETORAS DE ÁGUAS PLUVIAIS, DIÂMETRO DE 800 MM, JUNTA RÍGIDA, INSTALADO EM LOCAL COM BAIXO NÍVEL DE INTERFERÊNCIAS - FORNECIMENTO E ASSENTAMENTO. AF_03/2024 | E67: M | F67: 363 | G67: Trecho 1 = 97,00m + Trecho 2 = 78,00m + Trecho 3 = 70,00m + Trecho 4 = 68,00m + Trecho 5 =50,00m
A68: 3.3.5 | B68: CPU-22 | C68: Próprio | D68: BOCA DE LOBO EM CONCRETO ARMADO C/TAMPA - 1,20x1,20x1,50m | E68: UN | F68: 18 | G68: Trecho 1 = 4,00 unid + Trecho 2 = 4,00 unid + Trecho 3 = 4,00 unid + Trecho 4 = 4,00 unid + Trecho 5 = 2,00 unid
A69: 3.3.6 | B69: 11537 | C69: ORSE | D69: Caixa de passagem / poço de visita em concreto armado fck=21 mpa, inclusive tampa em ferro fundido TDA-600mm, dimensões internas 1.40 x 1.40 x 1.50 m | E69: un | F69: 17 | G69: Trecho 1 = 5,00 unid + Trecho 2 = 3,00 unid + Trecho 3 = 3,00 unid + Trecho 4 = 3,00 unid + Trecho 5 = 3,00 unid
A70: 3.3.7 | B70: 93379 | C70: SINAPI | D70: REATERRO MECANIZADO DE VALA COM RETROESCAVADEIRA (CAPACIDADE DA CAÇAMBA DA RETRO: 0,26 M³/POTÊNCIA: 88 HP), LARGURA 0,8 A 1,5 M, PROFUNDIDADE ATÉ 1,5 M, COM SOLO (SEM SUBSTITUIÇÃO) DE 1ª CATEGORIA, COM COMPACTADOR DE SOLOS DE PERCUSSÃO AF_08/2023 | E70: m³ | F70: 509.45 | G70: Trecho 1 - [185,52m³ - [(3,14 x 0,40² x 97,00m)+(3,14x0,15²x 26,00m)= 134,94m³ + Trecho 2 - [151,32m³ - [(3,14 x 0,40² x 78,00m)+(3,14x0,15²x 26,00m)= 110,30m³ + Trecho 3 - [136,92m³ - [(3,14 x 0,40² x 7,00m)+(3,14x0,15²x 26,00m)= 99,92m³ + Trecho 4 - [133,32m³ - [(3,14 x 0,40² x 68,00m)+(3,14x0,15²x 26,00m)= 97,31m³ + Trecho 5 - [92,52m³ - [(3,14 x 0,40² x 50,00m)+(3,14x0,15²x 6,00m)= 66,98m³
A71: 3.4 | D71: PAVIMENTAÇÃO EM BLOKRET
A72: 3.4.1 | B72: 92394 | C72: SINAPI | D72: EXECUÇÃO DE PAVIMENTO EM PISO INTERTRAVADO, COM BLOCO SEXTAVADO DE 25 X 25 CM, ESPESSURA 8 CM. AF_10/2022 | E72: m² | F72: 2043.05 | G72: Trecho 1-(52,18m x 5,97m)=311,51m² + Trecho 2 -(70,11m x 5,97m)= 418,56m² + Trecho 3 - (72,12m x 5,97m)= 430,56m² + Trecho 4 - (79,51m x 5,97m)= 474,67m² + Trecho 5 - (68,30m x 5,97m)= 407,75m² - total=2.043,05m²
A73: 3.5 | D73: SINALIZAÇÃO VIARIA
A74: 3.5.1 | B74: PLI | C74: Próprio | D74: PLACA DE IDENTIFICAÇÃO NR DE RUA, DIMENSÕES DE 45x25CM, FORN. E INSTALAÇÃO | E74: PT | F74: 6 | G74: Trecho 1 = 1,00unid + Trecho 2 = 1,00 unid + Trecho 3 = 1,00unid + Trecho 4 = 1,00unid + Trecho 5 =2,00 unid
A75: 3.6 | D75: LIMPEZA FINAL DA OBRA
A76: 3.6.1 | B76: 99811 | C76: SINAPI | D76: LIMPEZA DE CONTRAPISO COM VASSOURA A SECO. AF_10/2025 | E76: m² | F76: 3172.38 | G76: Trecho 1-(52,18m x 9,27m)=483,71m² + Trecho 2 -(70,11m x 9,27m)= 649,92m² + Trecho 3 - (72,12m x 9,27m)= 668,55m² + Trecho 4 - (79,51m x 9,27m)= 737,06m² + Trecho 5 - (68,30m x 9,27m)= 633,14m² - total=3.172,38m²
A77: 4 | D77: RUA 7 DE SETEMBRO
A78: 4.1 | D78: SERVIÇOS PRELIMINARES
A79: 4.1.1 | B79: 103689 | C79: SINAPI | D79: FORNECIMENTO E INSTALAÇÃO DE PLACA DE OBRA COM CHAPA GALVANIZADA E ESTRUTURA DE MADEIRA. AF_03/2022_PS | E79: m² | F79: 6 | G79: 3,00m x 2,00m
A80: 4.1.2 | B80: 98525 | C80: SINAPI | D80: LIMPEZA MECANIZADA DE CAMADA VEGETAL, VEGETAÇÃO E PEQUENAS ÁRVORES (DIÂMETRO DE TRONCO MENOR QUE 0,20 M), COM TRATOR DE ESTEIRAS. AF_03/2024 | E80: m² | F80: 360 | G80: 6,00m x 60,00m
A81: 4.1.3 | B81: 2605 | C81: ORSE | D81: Locação de serviços de pavimentação | E81: m² | F81: 360 | G81: 6,00m x 60,00m
A82: 4.2 | D82: MOVIMENTO DE TERRA
A83: 4.2.1 | B83: 030011 | C83: SEDOP | D83: Aterro incluindo carga, descarga, transporte e apiloamento | E83: m³ | F83: 36 | G83: (6,00m x 60,00m x 0,10m)
A84: 4.2.2 | B84: 96386 | C84: SINAPI | D84: EXECUÇÃO E COMPACTAÇÃO DE CORPO DE ATERRO (95% DE ENERGIA DO PROCTOR NORMAL) COM SOLO PREDOMINANTEMENTE ARENOSO ESPESSURA 15CM - EXCLUSIVE MATERIAL, ESCAVAÇÃO, CARGA E TRANSPORTE. AF_09/2024 | E84: m³ | F84: 36 | G84: (6,00m x 60,00m x 0,10m)
A85: 4.3 | D85: DRENAGEM
A86: 4.3.1 | B86: GMS | C86: Próprio | D86: GUIA (MEIO-FIO) E SARJETA CONJUGADOS DE CONCRETO, MOLDADA IN LOCO, 45 CM BASE (15 CM BASE DA GUIA + 30 CM BASE DA SARJETA) X 22 CM ALTURA. | E86: M | F86: 120 | G86: 60,00m x 2 lados
A87: 4.3.2 | B87: 90106 | C87: SINAPI | D87: ESCAVAÇÃO MECANIZADA DE VALA COM PROFUNDIDADE ATÉ 1,5 M (MÉDIA MONTANTE E JUSANTE/UMA COMPOSIÇÃO POR TRECHO), RETROESCAV. (0,26 M3), LARGURA DE 0,8 M A 1,5 M, EM SOLO DE 1A CATEGORIA, LOCAIS COM BAIXO NÍVEL DE INTERFERÊNCIA. AF_09/2024 | E87: m³ | F87: 17 | G87: (1,00m x 1,00m x17,00m)
A88: 4.3.3 | B88: 92212 | C88: SINAPI | D88: TUBO DE CONCRETO PARA REDES COLETORAS DE ÁGUAS PLUVIAIS, DIÂMETRO DE 600 MM, JUNTA RÍGIDA, INSTALADO EM LOCAL COM BAIXO NÍVEL DE INTERFERÊNCIAS - FORNECIMENTO E ASSENTAMENTO. AF_03/2024 | E88: M | F88: 17 | G88: 17,00 metros
A89: 4.3.4 | B89: CPU-22 | C89: Próprio | D89: BOCA DE LOBO EM CONCRETO ARMADO C/TAMPA - 1,20x1,20x1,50m | E89: UN | F89: 4 | G89: 4,00 unidades
A90: 4.3.5 | B90: 93379 | C90: SINAPI | D90: REATERRO MECANIZADO DE VALA COM RETROESCAVADEIRA (CAPACIDADE DA CAÇAMBA DA RETRO: 0,26 M³/POTÊNCIA: 88 HP), LARGURA 0,8 A 1,5 M, PROFUNDIDADE ATÉ 1,5 M, COM SOLO (SEM SUBSTITUIÇÃO) DE 1ª CATEGORIA, COM COMPACTADOR DE SOLOS DE PERCUSSÃO AF_08/2023 | E90: m³ | F90: 12.2 | G90: [17,00m³ - (3,14 x 0,30² x 17,00m)]
A91: 4.4 | D91: PAVIMENTAÇÃO EM BLOKRET
A92: 4.4.1 | B92: 92394 | C92: SINAPI | D92: EXECUÇÃO DE PAVIMENTO EM PISO INTERTRAVADO, COM BLOCO SEXTAVADO DE 25 X 25 CM, ESPESSURA 8 CM. AF_10/2022 | E92: m² | F92: 306 | G92: (5,10m x 60,00m)
A93: 4.5 | D93: SINALIZAÇÃO VIARIA
A94: 4.5.1 | B94: PLI | C94: Próprio | D94: PLACA DE IDENTIFICAÇÃO NR DE RUA, DIMENSÕES DE 45x25CM, FORN. E INSTALAÇÃO | E94: PT | F94: 1 | G94: 1,00 ponto
A95: 4.5.2 | B95: PLS | C95: Próprio | D95: PLACA DE SINALIZAÇÃO VIÁRIA TOTALMENTE REFLEXIVA | E95: UN | F95: 1 | G95: 1,00 unidade
A96: 4.6 | D96: LIMPEZA FINAL DA OBRA
A97: 4.6.1 | B97: 99811 | C97: SINAPI | D97: LIMPEZA DE CONTRAPISO COM VASSOURA A SECO. AF_10/2025 | E97: m² | F97: 360 | G97: 6,00m x 60,00m
A98: 5 | D98: TV. CASTILHO FRANÇA
A99: 5.1 | D99: SERVIÇOS PRELIMINARES
A100: 5.1.1 | B100: 103689 | C100: SINAPI | D100: FORNECIMENTO E INSTALAÇÃO DE PLACA DE OBRA COM CHAPA GALVANIZADA E ESTRUTURA DE MADEIRA. AF_03/2022_PS | E100: m² | F100: 6 | G100: 3,00m x 2,00m
A101: 5.1.2 | B101: 98525 | C101: SINAPI | D101: LIMPEZA MECANIZADA DE CAMADA VEGETAL, VEGETAÇÃO E PEQUENAS ÁRVORES (DIÂMETRO DE TRONCO MENOR QUE 0,20 M), COM TRATOR DE ESTEIRAS. AF_03/2024 | E101: m² | F101: 3120 | G101: Trecho 1 - (280,00m x 8,00m) + trecho 2 - (110,00m x 8,00m)
A102: 5.1.3 | B102: 2605 | C102: ORSE | D102: Locação de serviços de pavimentação | E102: m² | F102: 3120 | G102: Trecho 1 - (280,00m x 8,00m) + trecho 2 - (110,00m x 8,00m)
...

Sheet CRONOGRAMA
A2: PREFEITURA MUNICIPAL DE BREVES
A3: SECRETARIA MUNICIPAL DE DESENVOLVIMENTO ECONÔMICO, PROJETOS E CONVÊNIOS
A5: OBRA: PAVIMENTAÇÃO DE VIAS URBANAS | AA5: BDI: | AB5: 0.2338
A6: LOCAL: ZONA URBANA DO MUNICÍPIO - BREVES - PA | AA6: PRAZO DE EXECUÇÃO: | AB6: 360 Dias
A7: REF. DE PREÇOS: SINAPI 03/2026 - SEOP 03/2026 - ORSE - 02/2026 - NÃO DESONERADO | AA7: VALOR | AB7: ='Orçamento Sintético'!I811 -> 17120101
AA8: DATA: | AB8: 46141
A9: Cronograma Físico e Financeiro
A10: ITEM | B10: DESCRIÇÃO DOS SERVIÇOS | C10: VALOR (R$) | D10: % ITEM | E10: 30 DIAS | G10: 60 DIAS | I10: 90 DIAS | K10: 120 DIAS | M10: 150 DIAS | O10: 180 DIAS | Q10: 210 DIAS | S10: 240 DIAS | U10: 270 DIAS | W10: 300 DIAS | Y10: 330 DIAS | AA10: 360 DIAS
A12: 1 | B12: ='Orçamento Sintético'!D10 -> ALAMEDA MADENORTE | C12: ='Orçamento Sintético'!I10 -> 648211.82 | D12: =C12/$C$90 -> 0.037862617 | E12: 0.3 | F12: =E12*$C$12 -> 194463.55 | G12: 0.3 | H12: =G12*$C$12 -> 194463.55 | I12: 0.4 | J12: =I12*$C$12 -> 259284.73
F13: ; | H13: ; | J13: ;
A14: 2 | B14: ='Orçamento Sintético'!D31 -> RUA BOM SOSSEGO | C14: ='Orçamento Sintético'!I31 -> 512410.17 | D14: =C14/$C$90 -> 0.029930324 | E14: 0.5 | F14: =E14*$C$14 -> 256205.09 | G14: 0.5 | H14: =G14*$C$14 -> 256205.09
F15: ;
A16: 3 | B16: ='Orçamento Sintético'!D54 -> RUA MANOEL MACHADO | C16: ='Orçamento Sintético'!I54 -> 932505.09 | D16: =C16/$C$90 -> 0.054468434 | E16: 0.3 | F16: =E16*$C$16 -> 279751.53 | G16: 0.3 | H16: =G16*$C$16 -> 279751.53 | I16: 0.4 | J16: =I16*$C$16 -> 373002.04
F17: ;
A18: 4 | B18: ='Orçamento Sintético'!D76 -> RUA 7 DE SETEMBRO | C18: ='Orçamento Sintético'!I76 -> 87014.19 | D18: =C18/$C$90 -> 0.0050825746 | G18: 0.5 | H18: =G18*$C$18 -> 43507.095 | I18: 0.5 | J18: =I18*$C$18 -> 43507.095
A20: 5 | B20: ='Orçamento Sintético'!D97 -> TV.CASTILHO FRANÇA | C20: ='Orçamento Sintético'!I97 -> 408646.93 | D20: =C20/$C$90 -> 0.023869423 | I20: 0.3 | J20: =I20*$C$20 -> 122594.08 | K20: 0.4 | L20: =K20*$C$20 -> 163458.77 | M20: 0.3 | N20: =M20*$C$20 -> 122594.08
A22: 6 | B22: ='Orçamento Sintético'!D113 -> RUA LUIZA FRAZÃO | C22: ='Orçamento Sintético'!I113 -> 758897.39 | D22: =C22/$C$90 -> 0.044327857 | K22: 0.25 | L22: =K22*$C$22 -> 189724.35 | M22: 0.25 | N22: =M22*$C$22 -> 189724.35 | O22: 0.25 | P22: =O22*$C$22 -> 189724.35 | Q22: 0.25 | R22: =Q22*$C$22 -> 189724.35
A24: 7 | B24: ='Orçamento Sintético'!D134 -> ESTRADA DA PROJETA 2 | C24: ='Orçamento Sintético'!I134 -> 1481539.3 | D24: =C24/$C$90 -> 0.086538 | K24: 0.25 | L24: =K24*$C$24 -> 370384.82 | M24: 0.25 | N24: =M24*$C$24 -> 370384.82 | O24: 0.25 | P24: =O24*$C$24 -> 370384.82 | Q24: 0.25 | R24: =Q24*$C$24 -> 370384.82
A26: 8 | B26: ='Orçamento Sintético'!D155 -> RUA DIVA REBELO | C26: ='Orçamento Sintético'!I155 -> 334328.12 | D26: =C26/$C$90 -> 0.019528397 | O26: 0.3 | P26: =O26*$C$26 -> 100298.44 | Q26: 0.3 | R26: =Q26*$C$26 -> 100298.44 | S26: 0.4 | T26: =S26*$C$26 -> 133731.25
A28: 9 | B28: ='Orçamento Sintético'!D176 -> RUA FLORIANO GONÇALVES | C28: ='Orçamento Sintético'!I176 -> 165017.72 | D28: =C28/$C$90 -> 0.0096388287 | Q28: 0.5 | R28: =Q28*$C$28 -> 82508.86 | S28: 0.5 | T28: =S28*$C$28 -> 82508.86
A30: 10 | B30: ='Orçamento Sintético'!D197 -> RUA MARIA ROSA | C30: ='Orçamento Sintético'!I197 -> 1403354.8 | D30: =C30/$C$90 -> 0.081971179 | S30: 0.25 | T30: =S30*$C$30 -> 350838.71 | U30: 0.25 | V30: =U30*$C$30 -> 350838.71 | W30: 0.25 | X30: =W30*$C$30 -> 350838.71 | Y30: 0.25 | Z30: =Y30*$C$30 -> 350838.71
A32: 11 | B32: ='Orçamento Sintético'!D214 -> RUA PARQUE INDUSTRIAL | C32: ='Orçamento Sintético'!I214 -> 335854.57 | D32: =C32/$C$90 -> 0.019617558 | U32: 0.3 | V32: =U32*$C$32 -> 100756.37 | W32: 0.4 | X32: =W32*$C$32 -> 134341.83 | Y32: 0.3 | Z32: =Y32*$C$32 -> 100756.37
A34: 12 | B34: ='Orçamento Sintético'!D235 -> PASS. RAIMUNDO PINHEIRO | C34: ='Orçamento Sintético'!I235 -> 347172.16 | D34: =C34/$C$90 -> 0.020278628 | W34: 0.3 | X34: =W34*$C$34 -> 104151.65 | Y34: 0.3 | Z34: =Y34*$C$34 -> 104151.65 | AA34: 0.4 | AB34: =AA34*$C$34 -> 138868.86
A36: 13 | B36: ='Orçamento Sintético'!D256 -> RUA MARIO CURICA | C36: ='Orçamento Sintético'!I256 -> 532305.41 | D36: =C36/$C$90 -> 0.031092422 | U36: 0.25 | V36: =U36*$C$36 -> 133076.35 | W36: 0.25 | X36: =W36*$C$36 -> 133076.35 | Y36: 0.25 | Z36: =Y36*$C$36 -> 133076.35 | AA36: 0.25 | AB36: =AA36*$C$36 -> 133076.35
A38: 14 | B38: ='Orçamento Sintético'!D272 -> RUA FRANCISCO JOSÉ DA ROCHA | C38: ='Orçamento Sintético'!I272 -> 491657.99 | D38: =C38/$C$90 -> 0.028718171 | S38: 0.3 | T38: =S38*$C$38 -> 147497.4 | U38: 0.4 | V38: =U38*$C$38 -> 196663.2 | W38: 0.3 | X38: =W38*$C$38 -> 147497.4
A40: 15 | B40: ='Orçamento Sintético'!D293 -> RUA BOA VISTA | C40: ='Orçamento Sintético'!I293 -> 944323.9 | D40: =C40/$C$90 -> 0.055158781 | U40: 0.25 | V40: =U40*$C$40 -> 236080.97 | W40: 0.25 | X40: =W40*$C$40 -> 236080.97 | Y40: 0.25 | Z40: =Y40*$C$40 -> 236080.97 | AA40: 0.25 | AB40: =AA40*$C$40 -> 236080.97
A42: 16 | B42: ='Orçamento Sintético'!D314 -> RUA MAURICIO DE SOUZA | C42: ='Orçamento Sintético'!I314 -> 507469.66 | D42: =C42/$C$90 -> 0.029641745 | K42: 0.25 | L42: =K42*$C$42 -> 126867.42 | M42: 0.25 | N42: =M42*$C$42 -> 126867.42 | O42: 0.25 | P42: =O42*$C$42 -> 126867.42 | Q42: 0.25 | R42: =Q42*$C$42 -> 126867.42
A44: 17 | B44: ='Orçamento Sintético'!D337 -> RUA SÃO JOÃO BATISTA | C44: ='Orçamento Sintético'!I337 -> 490306.7 | D44: =C44/$C$90 -> 0.028639241 | E44: 0.25 | F44: =E44*$C$44 -> 122576.68 | G44: 0.25 | H44: =G44*$C$44 -> 122576.68 | I44: 0.25 | J44: =I44*$C$44 -> 122576.68 | K44: 0.25 | L44: =K44*$C$44 -> 122576.68
F45: ; | H45: ; | J45: ; | L45: ;
A46: 18 | B46: ='Orçamento Sintético'!D357 -> RUA SANTANA | C46: ='Orçamento Sintético'!I357 -> 478177.2 | D46: =C46/$C$90 -> 0.027930747 | M46: 0.25 | N46: =M46*$C$46 -> 119544.3 | O46: 0.25 | P46: =O46*$C$46 -> 119544.3 | Q46: 0.25 | R46: =Q46*$C$46 -> 119544.3 | S46: 0.25 | T46: =S46*$C$46 -> 119544.3
A48: 19 | B48: ='Orçamento Sintético'!D373 -> RUA LOURENÇO BORGES | C48: ='Orçamento Sintético'!I373 -> 322638 | D48: =C48/$C$90 -> 0.018845566 | W48: 0.3 | X48: =W48*$C$48 -> 96791.4 | Y48: 0.4 | Z48: =Y48*$C$48 -> 129055.2 | AA48: 0.3 | AB48: =AA48*$C$48 -> 96791.4
A50: 20 | B50: ='Orçamento Sintético'!D389 -> RUA CAZUZA FARIAS DA COSTA | C50: ='Orçamento Sintético'!I389 -> 498839.75 | D50: =C50/$C$90 -> 0.029137664 | O50: 0.25 | P50: =O50*$C$50 -> 124709.94 | Q50: 0.25 | R50: =Q50*$C$50 -> 124709.94 | S50: 0.25 | T50: =S50*$C$50 -> 124709.94 | U50: 0.25 | V50: =U50*$C$50 -> 124709.94
A52: 21 | B52: ='Orçamento Sintético'!D411 -> RUA AFUÁ | C52: ='Orçamento Sintético'!I411 -> 404986.88 | D52: =C52/$C$90 -> 0.023655636 | W52: 0.3 | X52: =W52*$C$52 -> 121496.06 | Y52: 0.3 | Z52: =Y52*$C$52 -> 121496.06 | AA52: 0.4 | AB52: =AA52*$C$52 -> 161994.75
A54: 22 | B54: ='Orçamento Sintético'!D432 -> RUA ÁREA VERDE 2 | C54: ='Orçamento Sintético'!I432 -> 485703.03 | D54: =C54/$C$90 -> 0.028370337 | I54: 0.3 | J54: =I54*$C$54 -> 145710.91 | K54: 0.4 | L54: =K54*$C$54 -> 194281.21 | M54: 0.3 | N54: =M54*$C$54 -> 145710.91
J55: ; | L55: ; | N55: ;
A56: 23 | B56: ='Orçamento Sintético'!D454 -> PASSAGEM CAJUAL | C56: ='Orçamento Sintético'!I454 -> 228751.25 | D56: =C56/$C$90 -> 0.01336156 | Y56: 0.5 | Z56: =Y56*$C$56 -> 114375.62 | AA56: 0.5 | AB56: =AA56*$C$56 -> 114375.62
A58: 24 | B58: ='Orçamento Sintético'!D471 -> PASSAGEM SANTA CRUZ | C58: ='Orçamento Sintético'!I471 -> 258931.89 | D58: =C58/$C$90 -> 0.015124437 | E58: 0.3 | F58: =E58*$C$58 -> 77679.567 | G58: 0.4 | H58: =G58*$C$58 -> 103572.76 | I58: 0.3 | J58: =I58*$C$58 -> 77679.567
F59: ; | H59: ; | J59: ;
A60: 25 | B60: ='Orçamento Sintético'!D491 -> RUA JOSÉ RINALDO | C60: ='Orçamento Sintético'!I491 -> 289692.02 | D60: =C60/$C$90 -> 0.016921163 | S60: 0.3 | T60: =S60*$C$60 -> 86907.606 | U60: 0.4 | V60: =U60*$C$60 -> 115876.81 | W60: 0.3 | X60: =W60*$C$60 -> 86907.606
A62: 26 | B62: ='Orçamento Sintético'!D517 -> PASSAGEM SEMPRE COM DEUS | C62: ='Orçamento Sintético'!I517 -> 334339.65 | D62: =C62/$C$90 -> 0.01952907 | G62: 0.3 | H62: =G62*$C$62 -> 100301.9 | I62: 0.4 | J62: =I62*$C$62 -> 133735.86 | K62: 0.3 | L62: =K62*$C$62 -> 100301.9
H63: ; | J63: ; | L63: ;
A64: 27 | B64: ='Orçamento Sintético'!D539 -> RUA MARIA MELO | C64: ='Orçamento Sintético'!I539 -> 526262.95 | D64: =C64/$C$90 -> 0.030739477 | I64: 0.25 | J64: =I64*$C$64 -> 131565.74 | K64: 0.25 | L64: =K64*$C$64 -> 131565.74 | M64: 0.25 | N64: =M64*$C$64 -> 131565.74 | O64: 0.25 | P64: =O64*$C$64 -> 131565.74
J65: ; | L65: ; | N65: ; | P65: ;
A66: 28 | B66: ='Orçamento Sintético'!D560 -> RUA INEZ BREVES | C66: ='Orçamento Sintético'!I560 -> 230518.68 | D66: =C66/$C$90 -> 0.013464797 | M66: 0.3 | N66: =M66*$C$66 -> 69155.604 | O66: 0.3 | P66: =O66*$C$66 -> 69155.604 | Q66: 0.4 | R66: =Q66*$C$66 -> 92207.472
N67: ; | P67: ; | R67: ;
A68: 29 | B68: ='Orçamento Sintético'!D582 -> PASSAGEM GESPÃO | C68: ='Orçamento Sintético'!I582 -> 420796.15 | D68: =C68/$C$90 -> 0.024579069 | W68: 0.3 | X68: =W68*$C$68 -> 126238.85 | Y68: 0.3 | Z68: =Y68*$C$68 -> 126238.85 | AA68: 0.4 | AB68: =AA68*$C$68 -> 168318.46
A70: 30 | B70: ='Orçamento Sintético'!D602 -> PASSAGEM NOSSA SENHORA DA CONSOLAÇÃO | C70: ='Orçamento Sintético'!I602 -> 273063.99 | D70: =C70/$C$90 -> 0.015949905 | O70: 0.3 | P70: =O70*$C$70 -> 81919.197 | Q70: 0.4 | R70: =Q70*$C$70 -> 109225.6 | S70: 0.3 | T70: =S70*$C$70 -> 81919.197
P71: ; | R71: ; | T71: ;
A72: 31 | B72: ='Orçamento Sintético'!D623 -> RUA DUQUE DE CAXIAS | C72: ='Orçamento Sintético'!I623 -> 106409.03 | D72: =C72/$C$90 -> 0.0062154441 | AA72: 1 | AB72: =AA72*$C$72 -> 106409.03
A74: 32 | B74: ='Orçamento Sintético'!D644 -> RUA ANTERO ARAUJO | C74: ='Orçamento Sintético'!I644 -> 192335.04 | D74: =C74/$C$90 -> 0.011234457 | E74: 0.5 | F74: =E74*$C$74 -> 96167.52 | G74: 0.5 | H74: =G74*$C$74 -> 96167.52
F75: ; | H75: ;
A76: 33 | B76: ='Orçamento Sintético'!D665 -> RUA NOVA | C76: ='Orçamento Sintético'!I665 -> 412846.41 | D76: =C76/$C$90 -> 0.024114718 | I76: 0.3 | J76: =I76*$C$76 -> 123853.92 | K76: 0.3 | L76: =K76*$C$76 -> 123853.92 | M76: 0.4 | N76: =M76*$C$76 -> 165138.56
J77: ; | L77: ; | N77: ;
A78: 34 | B78: ='Orçamento Sintético'!D686 -> ALAMEDA BALA | C78: ='Orçamento Sintético'!I686 -> 224844.98 | D78: =C78/$C$90 -> 0.013133391 | S78: 0.5 | T78: =S78*$C$78 -> 112422.49 | U78: 0.5 | V78: =U78*$C$78 -> 112422.49
T79: ; | V79: ;
A80: 35 | B80: ='Orçamento Sintético'!D712 -> RUA REVIVER | C80: ='Orçamento Sintético'!I712 -> 207946.14 | D80: =C80/$C$90 -> 0.012146315 | O80: 0.5 | P80: =O80*$C$80 -> 103973.07 | Q80: 0.5 | R80: =Q80*$C$80 -> 103973.07
P81: ; | R81: ;
A82: 36 | B82: ='Orçamento Sintético'!D733 -> RUA BEJAMIM CONSTANT 2 | C82: ='Orçamento Sintético'!I733 -> 187036.16 | D82: =C82/$C$90 -> 0.010924945 | W82: 0.3 | X82: =W82*$C$82 -> 56110.848 | Y82: 0.4 | Z82: =Y82*$C$82 -> 74814.464 | AA82: 0.3 | AB82: =AA82*$C$82 -> 56110.848
A84: 37 | B84: ='Orçamento Sintético'!D750 -> PASSAGEM RAIMUNDO NEVES | C84: ='Orçamento Sintético'!I750 -> 81776.94 | D84: =C84/$C$90 -> 0.0047766623 | AA84: 1 | AB84: =AA84*$C$84 -> 81776.94
A86: 38 | B86: ='Orçamento Sintético'!D767 -> RUA MARIO CURICA 2 | C86: ='Orçamento Sintético'!I767 -> 407068.34 | D86: =C86/$C$90 -> 0.023777216 | K86: 0.3 | L86: =K86*$C$86 -> 122120.5 | M86: 0.4 | N86: =M86*$C$86 -> 162827.34 | O86: 0.3 | P86: =O86*$C$86 -> 122120.5
L87: ; | N87: ; | P87: ;
A88: 39 | B88: ='Orçamento Sintético'!D789 -> RUA DOM PEDRO I | C88: ='Orçamento Sintético'!I789 -> 166120.49 | D88: =C88/$C$90 -> 0.0097032424 | Y88: 0.5 | Z88: =Y88*$C$88 -> 83060.245 | AA88: 0.5 | AB88: =AA88*$C$88 -> 83060.245
Z89: ; | AB89: ;
A90: Valores totais | C90: =SUM(C12:C88) -> 17120101 | D90: =SUM(D12:D88) -> 1
A91: TOTAL GERAL SIMPLES | E91: =F91/$C$90 -> 0.059978847 | F91: =SUM(,F11:F90) -> 1026843.9 | G91: =H91/$C$90 -> 0.069891299 | H91: =SUM(,H11:H90) -> 1196546.1 | I91: =J91/$C$90 -> 0.08957369 | J91: =SUM(,J11:J90) -> 1533510.6 | K91: =L91/$C$90 -> 0.096093785 | L91: =SUM(,L11:L90) -> 1645135.3 | M91: =N91/$C$90 -> 0.093662597 | N91: =SUM(,N11:N90) -> 1603513.1 | O91: =P91/$C$90 -> 0.089968124 | P91: =SUM(,P11:P90) -> 1540263.4 | Q91: =R91/$C$90 -> 0.082910975 | R91: =SUM(,R11:R90) -> 1419444.3 | S91: =T91/$C$90 -> 0.072434138 | T91: =SUM(,T11:T90) -> 1240079.7 | U91: =V91/$C$90 -> 0.080047708 | V91: =SUM(,V11:V90) -> 1370424.8 | W91: =X91/$C$90 -> 0.093079573 | X91: =SUM(,X11:X90) -> 1593531.7 | Y91: =Z91/$C$90 -> 0.091935469 | Z91: =SUM(,Z11:Z90) -> 1573944.5 | AA91: =AB91/$C$90 -> 0.080423795 | AB91: =SUM(,AB11:AB90) -> 1376863.5
A92: TOTAL GERAL ACUMULADO | E92: =E91 -> 0.059978847 | F92: =F91 -> 1026843.9 | G92: =H92/$C$90 -> 0.12987015 | H92: =F92+H91 -> 2223390 | I92: =J92/$C$90 -> 0.21944384 | J92: =J91+H92 -> 3756900.6 | K92: =L92/$C$90 -> 0.31553762 | L92: =L91+J92 -> 5402035.9 | M92: =N92/$C$90 -> 0.40920022 | N92: =N91+L92 -> 7005549 | O92: =P92/$C$90 -> 0.49916834 | P92: =P91+N92 -> 8545812.4 | Q92: =R92/$C$90 -> 0.58207932 | R92: =R91+P92 -> 9965256.7 | S92: =T92/$C$90 -> 0.65451346 | T92: =T91+R92 -> 11205336 | U92: =V92/$C$90 -> 0.73456116 | V92: =V91+T92 -> 12575761 | W92: =X92/$C$90 -> 0.82764074 | X92: =X91+V92 -> 14169293 | Y92: =Z92/$C$90 -> 0.9195762 | Z92: =Z91+X92 -> 15743237 | AA92: =AB92/$C$90 -> 1 | AB92: =AB91+Z92 -> 17120101

Sheet BDI
A2: PREFEITURA MUNICIPAL DE BREVES
A3: SECRETARIA MUNICIPAL DE DESENVOLVIMENTO ECONÔMICO, PROJETOS E CONVÊNIOS
A4: OBRA: PAVIMENTAÇÃO DE VIAS URBANAS
A5: LOCAL: ZONA URBANA DO MUNICÍPIO - BREVES - PA
A6: REF. DE PREÇOS: SINAPI 03/2026 - SEOP 03/2026 - ORSE - 02/2026 - NÃO DESONERADO
A7: DATA: | B7: 46141 | F7: BDI: 23,38% | H7: PRAZO: 360 Dias
A8: PLANILHA DE BDI PARA OBRAS E SERVIÇOS DE ENGENHARIA
A9: Item | B9: Parcela do BDI
A10: 1 | B10: AC = Taxa de Administração Central | I10: 0.038
A11: 2 | B11: S e G = Taxas de Seguro e Garantia | I11: 0.0032
A12: 3 | B12: R = Taxa de Risco | I12: 0.005
A13: 4 | B13: DF = Taxa de Despesas Financeiras | I13: 0.0102
A14: 5 | B14: L = Taxa de Lucro / Remuneração | I14: 0.0664
A15: 6 | B15: I = Taxa de incidência de Impostos (PIS, COFINS, e ISS) | I15: =I21 -> 0.0865
A16: Item | B16: Impostos
A17: 6.1 | B17: ISS | I17: 0.05
A18: 6.3 | B18: PIS | I18: 0.0065
A19: 6.3 | B19: COFINS | I19: 0.03
A20: 6.4 | B20: CPRB | I20: 0
G21: Total Impostos = | I21: =SUM(I17:I20) -> 0.0865
A22: Fórmula para o cálculo de BDI
I23: =(((1+I10+I11+I12)*(1+I13)*(1+I14))/(1-I15))-1 -> 0.23376846

Sheet PCU
A1: PREFEITURA MUNICIPAL DE BREVES
A2: SECRETARIA MUNICIPAL DE DESENVOLVIMENTO ECONÔMICO, PROJETOS E CONVÊNIOS
A4: OBRA: PAVIMENTAÇÃO DE VIAS URBANAS | I4: BDI: | J4: 0.2338
A5: LOCAL: ZONA URBANA DO MUNICÍPIO - BREVES - PA | I5: PRAZO DE EXECUÇÃO: | J5: 360 DIAS
A6: REF. DE PREÇOS: SINAPI 03/2026 - SEOP 03/2026 - ORSE - 02/2026 - NÃO DESONERADO | H6: VALOR TOTAL: | I6: ='Orçamento Sintético'!I811 -> 17120101
I7: DATA: | J7: 46141
A8: Planilha Orçamentária Analítica
A9: 1 | D9: SERVIÇOS PRELIMINARES
A10: 1.1 | B10: Código | C10: Banco | D10: Descrição | E10: Tipo | G10: Und | H10: Quant. | I10: Valor Unit | J10: Total
A11: Composição | B11: 103689 | C11: SINAPI | D11: FORNECIMENTO E INSTALAÇÃO DE PLACA DE OBRA COM CHAPA GALVANIZADA E ESTRUTURA DE MADEIRA. AF_03/2022_PS | E11: Sinalização Vertical Viária | G11: m² | H11: 1 | I11: 507.9 | J11: 507.9
A12: Composição Auxiliar | B12: 88316 | C12: SINAPI | D12: SERVENTE COM ENCARGOS COMPLEMENTARES | E12: Livro SINAPI: Cálculos e Parâmetros | G12: H | H12: 1.1186 | I12: 26.88 | J12: 30.06
A13: Composição Auxiliar | B13: 88262 | C13: SINAPI | D13: CARPINTEIRO DE FORMAS COM ENCARGOS COMPLEMENTARES | E13: Livro SINAPI: Cálculos e Parâmetros | G13: H | H13: 0.3729 | I13: 32.14 | J13: 11.98
A14: Composição Auxiliar | B14: 102234 | C14: SINAPI | D14: PINTURA IMUNIZANTE PARA MADEIRA, 2 DEMÃOS. AF_01/2021 | E14: Pintura em Madeira | G14: m² | H14: 0.5 | I14: 27.76 | J14: 13.88
A15: Insumo | B15: 00004813 | C15: SINAPI | D15: PLACA DE OBRA (PARA CONSTRUCAO CIVIL) EM CHAPA GALVANIZADA *N. 22*, ADESIVADA, DE *2,4 X 1,2* M (SEM POSTES PARA FIXACAO) | E15: Material | G15: m² | H15: 1 | I15: 432 | J15: 432
A16: Insumo | B16: 00004509 | C16: SINAPI | D16: SARRAFO *2,5 X 10* CM EM PINUS, MISTA OU EQUIVALENTE DA REGIAO - BRUTA | E16: Material | G16: M | H16: 3.2083 | I16: 6.04 | J16: 19.37
A17: Insumo | B17: 00005065 | C17: SINAPI | D17: PREGO DE ACO POLIDO COM CABECA 10 X 10 (7/8 X 17) | E17: Material | G17: KG | H17: 0.0113 | I17: 33.71 | J17: 0.38
A18: Insumo | B18: 00005069 | C18: SINAPI | D18: PREGO DE ACO POLIDO COM CABECA 17 X 27 (2 1/2 X 11) | E18: Material | G18: KG | H18: 0.0132 | I18: 18.06 | J18: 0.23
E19: MO sem LS => | F19: 31.75 | G19: LS => | H19: 0 | I19: MO com LS => | J19: 31.75
E20: Valor do BDI => | F20: 118.74 | H20: Valor com BDI => | J20: 626.64
A22: 1.2 | B22: Código | C22: Banco | D22: Descrição | E22: Tipo | G22: Und | H22: Quant. | I22: Valor Unit | J22: Total
A23: Composição | B23: 98525 | C23: SINAPI | D23: LIMPEZA MECANIZADA DE CAMADA VEGETAL, VEGETAÇÃO E PEQUENAS ÁRVORES (DIÂMETRO DE TRONCO MENOR QUE 0,20 M), COM TRATOR DE ESTEIRAS. AF_03/2024 | E23: Supressão Vegetal | G23: m² | H23: 1 | I23: 0.73 | J23: 0.73
A24: Composição Auxiliar | B24: 89031 | C24: SINAPI | D24: TRATOR DE ESTEIRAS, POTÊNCIA 100 HP, PESO OPERACIONAL 9,4 T, COM LÂMINA 2,19 M3 - CHI DIURNO. AF_06/2014 | E24: Custos Horários Produtivo e Improdutivo dos Equipamentos | G24: CHI | H24: 0.0029 | I24: 83.69 | J24: 0.24
A25: Composição Auxiliar | B25: 89032 | C25: SINAPI | D25: TRATOR DE ESTEIRAS, POTÊNCIA 100 HP, PESO OPERACIONAL 9,4 T, COM LÂMINA 2,19 M3 - CHP DIURNO. AF_06/2014 | E25: Custos Horários Produtivo e Improdutivo dos Equipamentos | G25: CHP | H25: 0.0017 | I25: 222.06 | J25: 0.37
A26: Composição Auxiliar | B26: 88441 | C26: SINAPI | D26: JARDINEIRO COM ENCARGOS COMPLEMENTARES | E26: Livro SINAPI: Cálculos e Parâmetros | G26: H | H26: 0.0046 | I26: 28.02 | J26: 0.12
E27: MO sem LS => | F27: 0.19 | G27: LS => | H27: 0 | I27: MO com LS => | J27: 0.19
E28: Valor do BDI => | F28: 0.17 | H28: Valor com BDI => | J28: 0.9
A30: 1.3 | B30: Código | C30: Banco | D30: Descrição | E30: Tipo | G30: Und | H30: Quant. | I30: Valor Unit | J30: Total
A31: Composição | B31: 2605 | C31: ORSE | D31: Locação de serviços de pavimentação | E31: Pavimentação em Paralepípedo ou com Peças Pré-moldadas de Concreto | G31: m² | H31: 1 | I31: 1.44 | J31: 1.44
A32: Item | B32: Código | C32: Banco | D32: Descrição | E32: Tipo | G32: Und | H32: Quant. | I32: Valor Unit | J32: Total
A33: Insumo | B33: 70 | C33: ORSE | D33: Topógrafo - SICRO | E33: Mão de Obra | G33: h | H33: 0.018 | I33: 36,78 | J33: 0,66
A34: Insumo | B34: 48 | C34: ORSE | D34: Auxiliar topografia - SICRO | E34: Mão de Obra | G34: h | H34: 0.036 | I34: 21,68 | J34: 0,78
A35: Detalhamento de Cálculo ORSE
A36: Item | B36: Código | C36: Banco | D36: Descrição | E36: Tipo | G36: Und | H36: Quant. | I36: Valor Unit | J36: Total
A37: Insumo | B37: 70 | C37: ORSE | D37: Topógrafo - SICRO | E37: Mão de Obra | G37: h | H37: 0.018 | I37: 36,78 | J37: 0,66
A38: Insumo | B38: 48 | C38: ORSE | D38: Auxiliar topografia - SICRO | E38: Mão de Obra | G38: h | H38: 0.036 | I38: 21,68 | J38: 0,78
E39: MO sem LS => | F39: 1.44 | G39: LS => | H39: 0 | I39: MO com LS => | J39: 1.44
E40: Valor do BDI => | F40: 0.33 | H40: Valor com BDI => | J40: 1.77
A42: 2 | D42: MOVIMENTO DE TERRA
A43: 2.1 | B43: Código | C43: Banco | D43: Descrição | E43: Tipo | G43: Und | H43: Quant. | I43: Valor Unit | J43: Total
A44: Composição | B44: 030011 | C44: SEDOP | D44: Aterro incluindo carga, descarga, transporte e apiloamento | E44: 0 | G44: m³ | H44: 1 | I44: 167.34 | J44: 167.34
A45: Composição Auxiliar | B45: 280026 | C45: SEDOP | D45: SERVENTE COM ENCARGOS COMPLEMENTARES | E45: 0 | G45: h | H45: 3 | I45: 26.88 | J45: 80.64
A46: Insumo | B46: M00006 | C46: SEDOP | D46: Compactador de solo CM-13 | E46: Equipamento | G46: h | H46: 0.3 | I46: 5.45 | J46: 1.63
A47: Insumo | B47: J00001 | C47: SEDOP | D47: Aterro arenoso | E47: Material | G47: m³ | H47: 1.25 | I47: 68.06 | J47: 85.07
E48: MO sem LS => | F48: 49.53 | G48: LS => | H48: 0 | I48: MO com LS => | J48: 49.53
E49: Valor do BDI => | F49: 39.12 | H49: Valor com BDI => | J49: 206.46
A51: 2.2 | B51: Código | C51: Banco | D51: Descrição | E51: Tipo | G51: Und | H51: Quant. | I51: Valor Unit | J51: Total
A52: Composição | B52: 96386 | C52: SINAPI | D52: EXECUÇÃO E COMPACTAÇÃO DE CORPO DE ATERRO (95% DE ENERGIA DO PROCTOR NORMAL) COM SOLO PREDOMINANTEMENTE ARENOSO ESPESSURA 15CM - EXCLUSIVE MATERIAL, ESCAVAÇÃO, CARGA E TRANSPORTE. AF_09/2024 | E52: Aterros, Bases, Sub bases e Imprimações | G52: m³ | H52: 1 | I52: 7.14 | J52: 7.14
A53: Composição Auxiliar | B53: 5903 | C53: SINAPI | D53: CAMINHÃO PIPA 10.000 L TRUCADO, PESO BRUTO TOTAL 23.000 KG, CARGA ÚTIL MÁXIMA 15.935 KG, DISTÂNCIA ENTRE EIXOS 4,8 M, POTÊNCIA 230 CV, INCLUSIVE TANQUE DE AÇO PARA TRANSPORTE DE ÁGUA - CHI DIURNO. AF_06/2014 | E53: Custos Horários Produtivo e Improdutivo dos Equipamentos | G53: CHI | H53: 0.0111688 | I53: 81.6 | J53: 0.91
A54: Composição Auxiliar | B54: 96463 | C54: SINAPI | D54: ROLO COMPACTADOR DE PNEUS, ESTÁTICO, PRESSÃO VARIÁVEL, POTÊNCIA 110 HP, PESO SEM/COM LASTRO 10,8/27 T, LARGURA DE ROLAGEM 2,30 M - CHP DIURNO. AF_06/2017 | E54: Custos Horários Produtivo e Improdutivo dos Equipamentos | G54: CHP | H54: 0.0031484 | I54: 214.34 | J54: 0.67
A55: Composição Auxiliar | B55: 88316 | C55: SINAPI | D55: SERVENTE COM ENCARGOS COMPLEMENTARES | E55: Livro SINAPI: Cálculos e Parâmetros | G55: H | H55: 0.0154259 | I55: 26.88 | J55: 0.41
A56: Composição Auxiliar | B56: 96464 | C56: SINAPI | D56: ROLO COMPACTADOR DE PNEUS, ESTÁTICO, PRESSÃO VARIÁVEL, POTÊNCIA 110 HP, PESO SEM/COM LASTRO 10,8/27 T, LARGURA DE ROLAGEM 2,30 M - CHI DIURNO. AF_06/2017 | E56: Custos Horários Produtivo e Improdutivo dos Equipamentos | G56: CHI | H56: 0.0122774 | I56: 84.63 | J56: 1.03
A57: Composição Auxiliar | B57: 5932 | C57: SINAPI | D57: MOTONIVELADORA POTÊNCIA BÁSICA LÍQUIDA (PRIMEIRA MARCHA) 125 HP, PESO BRUTO 13032 KG, LARGURA DA LÂMINA DE 3,7 M - CHP DIURNO. AF_06/2014 | E57: Custos Horários Produtivo e Improdutivo dos Equipamentos | G57: CHP | H57: 0.0045112 | I57: 296.15 | J57: 1.33
A58: Composição Auxiliar | B58: 5934 | C58: SINAPI | D58: MOTONIVELADORA POTÊNCIA BÁSICA LÍQUIDA (PRIMEIRA MARCHA) 125 HP, PESO BRUTO 13032 KG, LARGURA DA LÂMINA DE 3,7 M - CHI DIURNO. AF_06/2014 | E58: Custos Horários Produtivo e Improdutivo dos Equipamentos | G58: CHI | H58: 0.0109146 | I58: 110.61 | J58: 1.2
A59: Composição Auxiliar | B59: 5901 | C59: SINAPI | D59: CAMINHÃO PIPA 10.000 L TRUCADO, PESO BRUTO TOTAL 23.000 KG, CARGA ÚTIL MÁXIMA 15.935 KG, DISTÂNCIA ENTRE EIXOS 4,8 M, POTÊNCIA 230 CV, INCLUSIVE TANQUE DE AÇO PARA TRANSPORTE DE ÁGUA - CHP DIURNO. AF_06/2014 | E59: Custos Horários Produtivo e Improdutivo dos Equipamentos | G59: CHP | H59: 0.004257 | I59: 374.29 | J59: 1.59
E60: MO sem LS => | F60: 1.47 | G60: LS => | H60: 0 | I60: MO com LS => | J60: 1.47
E61: Valor do BDI => | F61: 1.66 | H61: Valor com BDI => | J61: 8.8
A63: 3 | D63: DRENAGEM
A64: 3.1 | B64: Código | C64: Banco | D64: Descrição | E64: Tipo | G64: Und | H64: Quant. | I64: Valor Unit | J64: Total
A65: Composição | B65: GMS | C65: Próprio | D65: GUIA (MEIO-FIO) E SARJETA CONJUGADOS DE CONCRETO, MOLDADA IN LOCO, 45 CM BASE (15 CM BASE DA GUIA + 30 CM BASE DA SARJETA) X 22 CM ALTURA. | E65: ASTU - ASSENTAMENTO DE TUBOS E PECAS | G65: M | H65: 1 | I65: 74.47 | J65: 74.47
A66: Composição Auxiliar | B66: 88309 | C66: SINAPI | D66: PEDREIRO COM ENCARGOS COMPLEMENTARES | E66: Livro SINAPI: Cálculos e Parâmetros | G66: H | H66: 0.2776 | I66: 32.75 | J66: 9.09
A67: Composição Auxiliar | B67: 88316 | C67: SINAPI | D67: SERVENTE COM ENCARGOS COMPLEMENTARES | E67: Livro SINAPI: Cálculos e Parâmetros | G67: H | H67: 0.2776 | I67: 26.88 | J67: 7.46
A68: Composição Auxiliar | B68: 102474 | C68: SINAPI | D68: CONCRETO FCK = 15MPA, TRAÇO 1:3,4:3,4 (EM MASSA SECA DE CIMENTO/ AREIA MÉDIA/ SEIXO ROLADO) - PREPARO MECÂNICO COM BETONEIRA 400 L. AF_05/2021 | E68: Produção de Concreto | G68: m³ | H68: 0.0845 | I68: 625.5 | J68: 52.85
A69: Insumo | B69: 00000370 | C69: SINAPI | D69: AREIA MEDIA - POSTO JAZIDA/FORNECEDOR (RETIRADO NA JAZIDA, SEM TRANSPORTE) | E69: Material | G69: m³ | H69: 0.0149 | I69: 120 | J69: 1.78
A70: Insumo | B70: 00006212 | C70: SINAPI | D70: TABUA *2,5 X 30 CM EM PINUS, MISTA OU EQUIVALENTE DA REGIAO - BRUTA | E70: Material | G70: M | H70: 0.125 | I70: 19.75 | J70: 2.46
A71: Insumo | B71: 00004517 | C71: SINAPI | D71: SARRAFO *2,5 X 7,5* CM EM PINUS, MISTA OU EQUIVALENTE DA REGIAO - BRUTA | E71: Material | G71: M | H71: 0.2 | I71: 4.17 | J71: 0.83
E72: MO sem LS => | F72: 16.73 | G72: LS => | H72: 0 | I72: MO com LS => | J72: 16.73
E73: Valor do BDI => | F73: 17.41 | H73: Valor com BDI => | J73: 91.88
A75: 3.2 | B75: Código | C75: Banco | D75: Descrição | E75: Tipo | G75: Und | H75: Quant. | I75: Valor Unit | J75: Total
A76: Composição | B76: 90106 | C76: SINAPI | D76: ESCAVAÇÃO MECANIZADA DE VALA COM PROFUNDIDADE ATÉ 1,5 M (MÉDIA MONTANTE E JUSANTE/UMA COMPOSIÇÃO POR TRECHO), RETROESCAV. (0,26 M3), LARGURA DE 0,8 M A 1,5 M, EM SOLO DE 1A CATEGORIA, LOCAIS COM BAIXO NÍVEL DE INTERFERÊNCIA. AF_09/2024 | E76: Escavação de Valas | G76: m³ | H76: 1 | I76: 9.28 | J76: 9.28
A77: Composição Auxiliar | B77: 88316 | C77: SINAPI | D77: SERVENTE COM ENCARGOS COMPLEMENTARES | E77: Livro SINAPI: Cálculos e Parâmetros | G77: H | H77: 0.0653122 | I77: 26.88 | J77: 1.75
A78: Composição Auxiliar | B78: 5678 | C78: SINAPI | D78: RETROESCAVADEIRA SOBRE RODAS COM CARREGADEIRA, TRAÇÃO 4X4, POTÊNCIA LÍQ. 88 HP, CAÇAMBA CARREG. CAP. MÍN. 1 M3, CAÇAMBA RETRO CAP. 0,26 M3, PESO OPERACIONAL MÍN. 6.674 KG, PROFUNDIDADE ESCAVAÇÃO MÁX. 4,37 M - CHP DIURNO. AF_06/2014 | E78: Custos Horários Produtivo e Improdutivo dos Equipamentos | G78: CHP | H78: 0.030692 | I78: 166.51 | J78: 5.11
A79: Composição Auxiliar | B79: 5679 | C79: SINAPI | D79: RETROESCAVADEIRA SOBRE RODAS COM CARREGADEIRA, TRAÇÃO 4X4, POTÊNCIA LÍQ. 88 HP, CAÇAMBA CARREG. CAP. MÍN. 1 M3, CAÇAMBA RETRO CAP. 0,26 M3, PESO OPERACIONAL MÍN. 6.674 KG, PROFUNDIDADE ESCAVAÇÃO MÁX. 4,37 M - CHI DIURNO. AF_06/2014 | E79: Custos Horários Produtivo e Improdutivo dos Equipamentos | G79: CHI | H79: 0.0346202 | I79: 70.19 | J79: 2.42
E80: MO sem LS => | F80: 2.84 | G80: LS => | H80: 0 | I80: MO com LS => | J80: 2.84
E81: Valor do BDI => | F81: 2.16 | H81: Valor com BDI => | J81: 11.44
A83: 3.3 | B83: Código | C83: Banco | D83: Descrição | E83: Tipo | G83: Und | H83: Quant. | I83: Valor Unit | J83: Total
A84: Composição | B84: 95565 | C84: SINAPI | D84: TUBO DE CONCRETO PARA REDES COLETORAS DE ÁGUAS PLUVIAIS, DIÂMETRO DE 300MM, JUNTA RÍGIDA, INSTALADO EM LOCAL COM BAIXO NÍVEL DE INTERFERÊNCIAS - FORNECIMENTO E ASSENTAMENTO. AF_03/2024 | E84: Assentamento de tubos de esgoto ou drenagem pluvial em concreto | G84: M | H84: 1 | I84: 135.17 | J84: 135.17
A85: Composição Auxiliar | B85: 88316 | C85: SINAPI | D85: SERVENTE COM ENCARGOS COMPLEMENTARES | E85: Livro SINAPI: Cálculos e Parâmetros | G85: H | H85: 0.3132 | I85: 26.88 | J85: 8.41
A86: Composição Auxiliar | B86: 88629 | C86: SINAPI | D86: ARGAMASSA TRAÇO 1:3 (EM VOLUME DE CIMENTO E AREIA MÉDIA ÚMIDA), PREPARO MANUAL. AF_08/2019 | E86: Argamassas | G86: m³ | H86: 0.0007 | I86: 890.01 | J86: 0.62
A87: Composição Auxiliar | B87: 88246 | C87: SINAPI | D87: ASSENTADOR DE TUBOS COM ENCARGOS COMPLEMENTARES | E87: Livro SINAPI: Cálculos e Parâmetros | G87: H | H87: 0.1566 | I87: 22.94 | J87: 3.59
A88: Composição Auxiliar | B88: 5632 | C88: SINAPI | D88: ESCAVADEIRA HIDRÁULICA SOBRE ESTEIRAS, CAÇAMBA 0,80 M3, PESO OPERACIONAL 17 T, POTENCIA BRUTA 111 HP - CHI DIURNO. AF_06/2014 | E88: Custos Horários Produtivo e Improdutivo dos Equipamentos | G88: CHI | H88: 0.068 | I88: 91.31 | J88: 6.2
A89: Composição Auxiliar | B89: 5631 | C89: SINAPI | D89: ESCAVADEIRA HIDRÁULICA SOBRE ESTEIRAS, CAÇAMBA 0,80 M3, PESO OPERACIONAL 17 T, POTENCIA BRUTA 111 HP - CHP DIURNO. AF_06/2014 | E89: Custos Horários Produtivo e Improdutivo dos Equipamentos | G89: CHP | H89: 0.035 | I89: 225.04 | J89: 7.87
A90: Insumo | B90: 00040334 | C90: SINAPI | D90: TUBO DE CONCRETO ARMADO PARA AGUAS PLUVIAIS, CLASSE PA-1, COM ENCAIXE PONTA E BOLSA, DIAMETRO NOMINAL DE 300 MM | E90: Material | G90: M | H90: 1.03 | I90: 105.33 | J90: 108.48
E91: MO sem LS => | F91: 10.22 | G91: LS => | H91: 0 | I91: MO com LS => | J91: 10.22
E92: Valor do BDI => | F92: 31.6 | H92: Valor com BDI => | J92: 166.77
A94: 3.4 | B94: Código | C94: Banco | D94: Descrição | E94: Tipo | G94: Und | H94: Quant. | I94: Valor Unit | J94: Total
A95: Composição | B95: 92212 | C95: SINAPI | D95: TUBO DE CONCRETO PARA REDES COLETORAS DE ÁGUAS PLUVIAIS, DIÂMETRO DE 600 MM, JUNTA RÍGIDA, INSTALADO EM LOCAL COM BAIXO NÍVEL DE INTERFERÊNCIAS - FORNECIMENTO E ASSENTAMENTO. AF_03/2024 | E95: Assentamento de tubos de esgoto ou drenagem pluvial em concreto | G95: M | H95: 1 | I95: 296.41 | J95: 296.41
A96: Composição Auxiliar | B96: 5632 | C96: SINAPI | D96: ESCAVADEIRA HIDRÁULICA SOBRE ESTEIRAS, CAÇAMBA 0,80 M3, PESO OPERACIONAL 17 T, POTENCIA BRUTA 111 HP - CHI DIURNO. AF_06/2014 | E96: Custos Horários Produtivo e Improdutivo dos Equipamentos | G96: CHI | H96: 0.1442 | I96: 91.31 | J96: 13.16
A97: Composição Auxiliar | B97: 88629 | C97: SINAPI | D97: ARGAMASSA TRAÇO 1:3 (EM VOLUME DE CIMENTO E AREIA MÉDIA ÚMIDA), PREPARO MANUAL. AF_08/2019 | E97: Argamassas | G97: m³ | H97: 0.0047 | I97: 890.01 | J97: 4.18
A98: Composição Auxiliar | B98: 88246 | C98: SINAPI | D98: ASSENTADOR DE TUBOS COM ENCARGOS COMPLEMENTARES | E98: Livro SINAPI: Cálculos e Parâmetros | G98: H | H98: 0.332 | I98: 22.94 | J98: 7.61
A99: Composição Auxiliar | B99: 88316 | C99: SINAPI | D99: SERVENTE COM ENCARGOS COMPLEMENTARES | E99: Livro SINAPI: Cálculos e Parâmetros | G99: H | H99: 0.664 | I99: 26.88 | J99: 17.84
A100: Composição Auxiliar | B100: 5631 | C100: SINAPI | D100: ESCAVADEIRA HIDRÁULICA SOBRE ESTEIRAS, CAÇAMBA 0,80 M3, PESO OPERACIONAL 17 T, POTENCIA BRUTA 111 HP - CHP DIURNO. AF_06/2014 | E100: Custos Horários Produtivo e Improdutivo dos Equipamentos | G100: CHP | H100: 0.0743 | I100: 225.04 | J100: 16.72
A101: Insumo | B101: 00007725 | C101: SINAPI | D101: TUBO DE CONCRETO ARMADO PARA AGUAS PLUVIAIS, CLASSE PA-1, COM ENCAIXE PONTA E BOLSA, DIAMETRO NOMINAL DE = 600 MM | E101: Material | G101: M | H101: 1.03 | I101: 230 | J101: 236.9
E102: MO sem LS => | F102: 22.18 | G102: LS => | H102: 0 | I102: MO com LS => | J102: 22.18
E103: Valor do BDI => | F103: 69.3 | H103: Valor com BDI => | J103: 365.71
A105: 3.5 | B105: Código | C105: Banco | D105: Descrição | E105: Tipo | G105: Und | H105: Quant. | I105: Valor Unit | J105: Total
A106: Composição | B106: 92214 | C106: SINAPI | D106: TUBO DE CONCRETO PARA REDES COLETORAS DE ÁGUAS PLUVIAIS, DIÂMETRO DE 800 MM, JUNTA RÍGIDA, INSTALADO EM LOCAL COM BAIXO NÍVEL DE INTERFERÊNCIAS - FORNECIMENTO E ASSENTAMENTO. AF_03/2024 | E106: Assentamento de tubos de esgoto ou drenagem pluvial em concreto | G106: M | H106: 1 | I106: 477.26 | J106: 477.26
A107: Composição Auxiliar | B107: 5631 | C107: SINAPI | D107: ESCAVADEIRA HIDRÁULICA SOBRE ESTEIRAS, CAÇAMBA 0,80 M3, PESO OPERACIONAL 17 T, POTENCIA BRUTA 111 HP - CHP DIURNO. AF_06/2014 | E107: Custos Horários Produtivo e Improdutivo dos Equipamentos | G107: CHP | H107: 0.1005 | I107: 225.04 | J107: 22.61
A108: Composição Auxiliar | B108: 88316 | C108: SINAPI | D108: SERVENTE COM ENCARGOS COMPLEMENTARES | E108: Livro SINAPI: Cálculos e Parâmetros | G108: H | H108: 0.8979 | I108: 26.88 | J108: 24.13
A109: Composição Auxiliar | B109: 5632 | C109: SINAPI | D109: ESCAVADEIRA HIDRÁULICA SOBRE ESTEIRAS, CAÇAMBA 0,80 M3, PESO OPERACIONAL 17 T, POTENCIA BRUTA 111 HP - CHI DIURNO. AF_06/2014 | E109: Custos Horários Produtivo e Improdutivo dos Equipamentos | G109: CHI | H109: 0.195 | I109: 91.31 | J109: 17.8
A110: Composição Auxiliar | B110: 88629 | C110: SINAPI | D110: ARGAMASSA TRAÇO 1:3 (EM VOLUME DE CIMENTO E AREIA MÉDIA ÚMIDA), PREPARO MANUAL. AF_08/2019 | E110: Argamassas | G110: m³ | H110: 0.0093 | I110: 890.01 | J110: 8.27
...

Sheet ENCARGOS SOCIAIS
A2: PREFEITURA MUNICIPAL DE BREVES
A3: SECRETARIA MUNICIPAL DE DESENVOLVIMENTO ECONÔMICO, PROJETOS E CONVÊNIOS
A4: OBRA: PAVIMENTAÇÃO DE VIAS URBANAS
A5: LOCAL: ZONA URBANA DO MUNICÍPIO - BREVES - PA
A6: REF. DE PREÇOS: SINAPI 03/2026 - SEOP 03/2026 - ORSE - 02/2026 - NÃO DESONERADO
A7: DATA: | B7: 46141 | C7: BDI: 23,38% | E7: PRAZO: 360 Dias
A8: LEIS SOCIAIS SOBRE A MÃO DE OBRA
A9: CÓDIGO | B9: DESCRIÇÃO | C9: COM DESONERAÇÃO | E9: SEM DESONERAÇÃO
C10: HORISTA (%) | D10: MENSALISTA (%) | E10: HORISTA (%) | F10: MENSALISTA (%)
A11: GRUPO A
A12: A1 | B12: INSS | C12: 0.1 | D12: 0.1 | E12: 0.2 | F12: 0.2
A13: A2 | B13: SESI | C13: 0.015 | D13: 0.015 | E13: 0.015 | F13: 0.015
A14: A3 | B14: SENAI | C14: 0.01 | D14: 0.01 | E14: 0.01 | F14: 0.01
A15: A4 | B15: INCRA | C15: 0.002 | D15: 0.002 | E15: 0.002 | F15: 0.002
A16: A5 | B16: SEBRAE | C16: 0.006 | D16: 0.006 | E16: 0.006 | F16: 0.006
A17: A6 | B17: SALÁRIO EDUCAÇÃO | C17: 0.025 | D17: 0.025 | E17: 0.025 | F17: 0.025
A18: A7 | B18: SEGURO CONTRA ACIDENTES DE TRABALHO | C18: 0.03 | D18: 0.03 | E18: 0.03 | F18: 0.03
A19: A8 | B19: FGTS | C19: 0.08 | D19: 0.08 | E19: 0.08 | F19: 0.08
A20: A9 | B20: SECONCI | C20: 0 | D20: 0 | E20: 0 | F20: 0
A21: A | B21: TOTAL | C21: =SUM(C12:C20) -> 0.268 | D21: =SUM(D12:D20) -> 0.268 | E21: =SUM(E12:E20) -> 0.368 | F21: =SUM(F12:F20) -> 0.368
A22: GRUPO B
A23: B1 | B23: REPOUSO SEMANAL REMUNERADO | C23: 0.1801 | D23: xxxxxxxxxxxxxxx | E23: 0.1801 | F23: xxxxxxxxxxxxxxx
A24: B2 | B24: FERIADOS | C24: 0.0413 | D24: xxxxxxxxxxxxxxx | E24: 0.0413 | F24: xxxxxxxxxxxxxxx
A25: B3 | B25: AUXÍLIO ENFERMIDADE | C25: 0.009 | D25: 0.0067 | E25: 0.009 | F25: 0.0067
A26: B4 | B26: 13º SALÁRIO | C26: 0.1116 | D26: 0.0831 | E26: 0.1116 | F26: 0.0831
A27: B5 | B27: LICENÇA PATERNIDADE | C27: 0.0007 | D27: 0.0005 | E27: 0.0007 | F27: 0.0005
A28: B6 | B28: FALTAS JUSTIFICADAS | C28: 0.0075 | D28: 0.0056 | E28: 0.0075 | F28: 0.0056
A29: B7 | B29: DIAS DE CHUVA | C29: 0.0299 | D29: xxxxxxxxxxxxxxx | E29: 0.0299 | F29: xxxxxxxxxxxxxxx
A30: B8 | B30: AUXÍLIO ACIDENTE DE TRABALHO | C30: 0.0003 | D30: 0.0002 | E30: 0.0003 | F30: 0.0002
A31: B9 | B31: FÉRIAS GOZADAS | C31: 0.1224 | D31: 0.0911 | E31: 0.1224 | F31: 0.0911
A32: B10 | B32: SALÁRIO MATERNIDADE | C32: 0.0004 | D32: 0.0003 | E32: 0.0004 | F32: 0.0003
A33: B | B33: TOTAL | C33: =SUM(C23:C32) -> 0.5032 | D33: =SUM(D23:D32) -> 0.1875 | E33: =SUM(E23:E32) -> 0.5032 | F33: =SUM(F23:F32) -> 0.1875
A34: GRUPO C
A35: C1 | B35: AVISO PRÉVIO INDENIZADO | C35: 0.0663 | D35: 0.0493 | E35: 0.0663 | F35: 0.0493
A36: C2 | B36: AVISO PRÉVIO TRABALHADO | C36: 0.0017 | D36: 0.0013 | E36: 0.0017 | F36: 0.0013
A37: C3 | B37: FÉRIAS INDENIZADAS | C37: 0.0301 | D37: 0.0224 | E37: 0.0301 | F37: 0.0224
A38: C4 | B38: DEPÓSOTO DE RECISÃO SEM JUSTA CAUSA | C38: 0.0282 | D38: 0.021 | E38: 0.0282 | F38: 0.021
A39: C5 | B39: INDENIZAÇÃO ADICIONAL | C39: 0.0056 | D39: 0.0041 | E39: 0.0056 | F39: 0.0041
A40: C | B40: TOTAL | C40: =SUM(C35:C39) -> 0.1319 | D40: =SUM(D35:D39) -> 0.0981 | E40: =SUM(E35:E39) -> 0.1319 | F40: =SUM(F35:F39) -> 0.0981
A41: GRUPO D
A42: D1 | B42: REINCIDÊNCIA DO GRUPO "A" SOBRE O GRUPO "B" | C42: 0.1237 | D42: 0.0419 | E42: 0.1852 | F42: 0.069
A43: D2 | B43: TRABALHO E REINCIDÊNCIA DE FGTS SOBRE AVISO PRÉVIO INDENIZADO | C43: 0.0058 | D43: 0.0043 | E43: 0.0059 | F43: 0.0044
A44: D | B44: TOTAL | C44: =SUM(C42:C43) -> 0.1295 | D44: =SUM(D42:D43) -> 0.0462 | E44: =SUM(E42:E43) -> 0.1911 | F44: =SUM(F42:F43) -> 0.0734
A45: TOTAL (A + B + C + D) | C45: =C21+C33+C40+C44 -> 1.0326 | D45: =D21+D33+D40+D44 -> 0.5998 | E45: =E21+E33+E40+E44 -> 1.1942 | F45: =F21+F33+F40+F44 -> 0.727

Sheet MAIOR RELEVANCIA
A1: PREFEITURA MUNICIPAL DE BREVES
A2: SECRETARIA MUNICIPAL DE DESENVOLVIMENTO ECONÔMICO, PROJETOS E CONVÊNIOS
A4: OBRA: PAVIMENTAÇÃO DE VIAS URBANAS | H4: BDI: | I4: 0.2338
A5: LOCAL: ZONA URBANA DO MUNICÍPIO - BREVES - PA | H5: PRAZO DE EXECUÇÃO: | I5: 360 DIAS
A6: REF. DE PREÇOS: SINAPI 03/2026 - SEOP 03/2026 - ORSE - 02/2026 - NÃO DESONERADO | H6: VALOR | I6: ='Orçamento Sintético'!I811 -> 17120101
H7: DATA: | I7: 46141
A8: Planilha de Maior Relevância
A9: ITEM | B9: CÓDIGO | C9: FONTE | D9: DESCRIÇÃO DOS SERVIÇOS | E9: UN. | F9: QUANT. | G9: PESO FINANCEIRO(%) | H9: QUANTIDADE MÍNIMA EXIGIDA 25% | I9: QUALIFICAÇÃO PROFISSIONAL- PROFISSIONAL C/CAPACIDADE TÉCNICA EXIGIDO
A10: 4.1 | B10: 92394 | C10: SINAPI | D10: EXECUÇÃO DE PAVIMENTO EM PISO INTERTRAVADO, COM BLOCO SEXTAVADO DE 25 X 25 CM, ESPESSURA 8 CM. AF_10/2022 | E10: M2 | F10: ='Orçamento Sintético'!F25+'Orçamento Sintético'!F48+'Orçamento Sintético'!F71+'Orçamento Sintético'!F91+'Orçamento Sintético'!F108+'Orçamento Sintético'!F128+'Orçamento Sintético'!F149+'Orçamento Sintético'!F170+'Orçamento Sintético'!F191+'Orçamento Sintético'!F208+'Orçamento Sintético'!F229+'Orçamento Sintético'!F250+'Orçamento Sintético'!F267+'Orçamento Sintético'!F287+'Orçamento Sintético'!F308+'Orçamento Sintético'!F331+'Orçamento Sintético'!F352+'Orçamento Sintético'!F368+'Orçamento Sintético'!F384+'Orçamento Sintético'!F406+'Orçamento Sintético'!F426+'Orçamento Sintético'!F449+'Orçamento Sintético'!F465+'Orçamento Sintético'!F486+'Orçamento Sintético'!F508+'Orçamento Sintético'!F533+'Orçamento Sintético'!F554+'Orçamento Sintético'!F576+'Orçamento Sintético'!F597+'Orçamento Sintético'!F617+'Orçamento Sintético'!F638+'Orçamento Sintético'!F659+'Orçamento Sintético'!F680+'Orçamento Sintético'!F703+'Orçamento Sintético'!F727+'Orçamento Sintético'!F744+'Orçamento Sintético'!F761+'Orçamento Sintético'!F784+'Orçamento Sintético'!F805 -> 65652.5 | G10: =(F10*138.65)/'Orçamento Sintético'!I811 -> 0.53169775 | H10: =ROUND(F10*25%,2) -> 16413.13 | I10: ENGENHEIRO(A) CIVIL OU ARQUITETO(A)
A11: 3.1 | B11: GMS | C11: Próprio | D11: GUIA (MEIO-FIO) E SARJETA CONJUGADOS DE CONCRETO, MOLDADA IN LOCO, 45 CM BASE (15 CM BASE DA GUIA + 30 CM BASE DA SARJETA) X 22 CM ALTURA. | E11: M | F11: ='Orçamento Sintético'!F19+'Orçamento Sintético'!F40+'Orçamento Sintético'!F63+'Orçamento Sintético'!F85+'Orçamento Sintético'!F106+'Orçamento Sintético'!F122+'Orçamento Sintético'!F143+'Orçamento Sintético'!F164+'Orçamento Sintético'!F185+'Orçamento Sintético'!F206+'Orçamento Sintético'!F223+'Orçamento Sintético'!F244+'Orçamento Sintético'!F265+'Orçamento Sintético'!F281+'Orçamento Sintético'!F302+'Orçamento Sintético'!F323+'Orçamento Sintético'!F346+'Orçamento Sintético'!F366+'Orçamento Sintético'!F382+'Orçamento Sintético'!F398+'Orçamento Sintético'!F420+'Orçamento Sintético'!F441+'Orçamento Sintético'!F463+'Orçamento Sintético'!F480+'Orçamento Sintético'!F500+'Orçamento Sintético'!F526+'Orçamento Sintético'!F548+'Orçamento Sintético'!F569+'Orçamento Sintético'!F591+'Orçamento Sintético'!F611+'Orçamento Sintético'!F632+'Orçamento Sintético'!F653+'Orçamento Sintético'!F674+'Orçamento Sintético'!F695+'Orçamento Sintético'!F721+'Orçamento Sintético'!F742+'Orçamento Sintético'!F759+'Orçamento Sintético'!F776+'Orçamento Sintético'!F798 -> 22845.26 | G11: =(F11*91.88)/'Orçamento Sintético'!I811 -> 0.12260573 | H11: =ROUND(F11*25%,2) -> 5711.32 | I11: ENGENHEIRO(A) CIVIL OU ARQUITETO(A)
A12: 3.4 | B12: 92212 | C12: SINAPI | D12: TUBO DE CONCRETO PARA REDES COLETORAS DE ÁGUAS PLUVIAIS, DIÂMETRO DE 600 MM, JUNTA RÍGIDA, INSTALADO EM LOCAL COM BAIXO NÍVEL DE INTERFERÊNCIAS - FORNECIMENTO E ASSENTAMENTO. AF_03/2024 | E12: M | F12: ='Orçamento Sintético'!F21+'Orçamento Sintético'!F42+'Orçamento Sintético'!F87+'Orçamento Sintético'!F124+'Orçamento Sintético'!F145+'Orçamento Sintético'!F187+'Orçamento Sintético'!F225+'Orçamento Sintético'!F283*'Orçamento Sintético'!F304+'Orçamento Sintético'!F325+'Orçamento Sintético'!F348+'Orçamento Sintético'!F400+'Orçamento Sintético'!F443+'Orçamento Sintético'!F482+'Orçamento Sintético'!F502+'Orçamento Sintético'!F550+'Orçamento Sintético'!F571+'Orçamento Sintético'!F593+'Orçamento Sintético'!F613+'Orçamento Sintético'!F634+'Orçamento Sintético'!F655+'Orçamento Sintético'!F676+'Orçamento Sintético'!F698+'Orçamento Sintético'!F723+'Orçamento Sintético'!F778+'Orçamento Sintético'!F800 -> 4543 | G12: =(F12*365.71)/'Orçamento Sintético'!I811 -> 0.09704502 | H12: =ROUND(F12*25%,2) -> 1135.75 | I12: ENGENHEIRO(A) CIVIL OU ARQUITETO(A)
